 Dungeon Crawl Stone Soup version 0.31.0-4-g52a2dc7128 (webtiles) character file.

Game seed: 3607959660711607592

8839596 oldriver the Conqueror (level 27, 249/249 HPs)
             Began as a Demonspawn Earth Elementalist on Jan 21, 2024.
             Was an Initiate of Gozag.
             Escaped with the Orb
             ... and 15 runes on Jan 22, 2024!
             The game lasted 10:33:18 (210024 turns).

oldriver the Conqueror (DsEE)                     Turns: 210024, Time: 10:33:18

Health: 249/249    AC: 40    Str: 11    XL:     27
Magic:  63/63      EV: 22    Int: 40    God:    Gozag
Gold:   61074      SH: 28    Dex: 18    Spells: 2/80 levels left

rFire   + + +        a - staff "Poimaleil" {rC+ rCorr Int+3 Stlth- Fire Ice}
rCold   + + +        q - +2 tower shield of Rad Miow {Int+5 Dex+3}
rNeg    + + +        J - +8 fire dragon scales
rPois   ∞            D - +3 crown of Dyrovepreva {rElec Int+2 SInv}
rElec   +            u - +3 cloak of Sloth {rPois rC+++ Stlth-}
rCorr   +            (gloves unavailable)
SInv    +            x - +1 pair of boots "Wimm" {rN+++ Will++ Int+3 Dex-3}
Will    +++++        T - amulet of Vitality {RegenMP++ Regen++}
Stlth   ++           p - ring of the Meadowlark {rF+ rC+ MP+9 Slay+5}
HPRegen 2.21/turn    e - ring of the Mage {Wiz Archmagi}
MPRegen 1.56/turn

%: clarity, guardian spirit, wizardry (x1), archmagi
@: death-form, studying 7 skills
A: vile attack, torment immunity, no potions, foul stench 3, magic shield, magic
regeneration, magic link, black mark, sharp scales 3, bedeviling, aura of
silence, demonic touch 3, hooves 1, agile 1, clarity, wild magic 1, MP-powered
wands
0: Orb of Zot
}: 15/15 runes: serpentine, barnacled, slimy, silver, golden, iron, obsidian,
icy, bone, abyssal, demonic, glowing, magical, fiery, dark
a: Siphon Essence, Begin Untransformation, Renounce Religion, Potion Petition,
Call Merchant, Bribe Branch


You escaped.
You worshipped Gozag.
Gozag was exalted by your worship.
You were an undying horror.
You visited 18 branches of the dungeon, and saw 87 of its levels.
You visited Pandemonium 9 times, and saw 53 of its levels.
You visited the Abyss 2 times.
You visited 1 bazaar.
You completed 3 ziggurats, and saw 81 of their levels.
You also visited: Trove, Ossuary and Ice Cave.

You collected 126744 gold pieces.
You spent 13740 gold pieces at shops.
You paid 51930 gold pieces to Gozag.

Inventory:

Hand Weapons
 v - the +5 demon whip "Spellbinder" {antimagic, disrupt, Will+}
   (You found it on level 14 of a ziggurat)

   Will+:     It increases your willpower.
 C - the +8 demon blade "Leech" {evervamp, Harm ^Drain rN+}
   (You found it on level 12 of a ziggurat)

   rN+:       It protects you from negative energy.
   ^Drain:    It drains your maximum health when unequipped.
   Harm:      It increases damage dealt and taken.
Missiles
 G - 18 silver javelins
Armour
 g - the crystal ball of Wucad Mu {*channel}
   (You found it on level 13 of a ziggurat)

   *Channel:  It often returns the magic spent to cast spells, but lowers their
   success rate.
   It always returns the magic spent on miscasts.
 q - the +2 tower shield of Rad Miow (worn) {Int+5 Dex+3}
   (You acquired it in Pandemonium)

   Int+5:     It affects your intelligence (+5).
   Dex+3:     It affects your dexterity (+3).
 u - the +3 cloak of Sloth (worn) {rPois rC+++ Stlth-}
   (You found it on level 4 of the Dungeon)

   rC+++:     It renders you almost immune to cold.
   rPois:     It protects you from poison Stlth-: It makes you less stealthy.
 x - the +1 pair of boots "Wimm" (worn) {rN+++ Will++ Int+3 Dex-3}
   (You acquired it in Pandemonium)

   Int+3:     It affects your intelligence (+3).
   Dex-3:     It affects your dexterity (-3).
   rN+++:     It renders you almost immune to negative energy.
   Will++:    It greatly increases your willpower.
 A - the +18 shield of the Gong {Loud rN+ Will+ rCorr EV-5}
   (You found it on level 27 of a ziggurat)

   Loud:      It is deafeningly noisy when blocking attacks.
   EV-5:      It affects your evasion (-5).
   rN+:       It protects you from negative energy.
   Will+:     It increases your willpower.
   rCorr:     It protects you from acid and corrosion.
 D - the +3 crown of Dyrovepreva (worn) {rElec Int+2 SInv}
   (You found it on level 25 of a ziggurat)

   Int+2:     It affects your intelligence (+2).
   rElec:     It insulates you from electricity.
   SInv:      It lets you see invisible.
 J - +8 fire dragon scales (worn)
Magical Staves
 a - the staff "Poimaleil" (weapon) {rC+ rCorr Int+3 Stlth- Fire Ice}
   (You acquired it on level 2 of the Depths)

   [staff of cold]

   Base accuracy: +5 Base damage: 5 Base attack delay: 1.2 This weapon's minimum
   attack delay (0.6) is reached at skill level 12.
   Int+3:     It affects your intelligence (+3).
   rC+:       It protects you from cold.
   rCorr:     It protects you from acid and corrosion.
   Stlth-:    It makes you less stealthy.
   Fire:      It increases the power of your Fire spells.
   Ice:       It increases the power of your Ice spells.
   It falls into the 'Staves' category.
   It is a one-handed weapon.
 b - the staff "Ynkyru" {+Blink rElec rF+ Conj Air}
   (You found it on level 25 of a ziggurat)

   [staff of air]

   Base accuracy: +5 Base damage: 5 Base attack delay: 1.2 This weapon's minimum
   attack delay (0.6) is reached at skill level 12.
   rF+:       It protects you from fire.
   rElec:     It insulates you from electricity.
   +Blink:    It lets you blink.
   Conj:      It increases the power of your Conjurations spells.
   Air:       It increases the power of your Air spells.
   It falls into the 'Staves' category.
   It is a one-handed weapon.
Jewellery
 e - the ring of the Mage (right hand) {Wiz Archmagi}
   (You bought it in a shop on level 12 of the Dungeon)

   [ring of wizardry]

   Wiz:       It improves your spell success rate.
   Archmagi:  It increases the power of your magical spells.
 m - the ring of Descent {rC+++ MP+9 Str+3 Dex-2 Slay+3}
   (You found it on level 24 of a ziggurat)

   [ring of magical power]

   Str+3:     It affects your strength (+3).
   Dex-2:     It affects your dexterity (-2).
   Slay+3:    It affects your accuracy & damage with ranged weapons and melee
   (+3).
   rC+++:     It renders you almost immune to cold.
   MP+9:      It affects your magic capacity (+9).
 p - the ring of the Meadowlark (left hand) {rF+ rC+ MP+9 Slay+5}
   (You found it on level 21 of a ziggurat)

   [ring of protection from fire]

   Slay+5:    It affects your accuracy & damage with ranged weapons and melee
   (+5).
   rF+:       It protects you from fire.
   rC+:       It protects you from cold.
   MP+9:      It affects your magic capacity (+9).
 T - the amulet of Vitality (around neck) {RegenMP++ Regen++}
   (You found it on level 11 of a ziggurat)

   [amulet of magic regeneration]

   RegenMP:   It increases your rate of magic regeneration.
   Regen++:   It increases your rate of health regeneration.
 Z - the ring "Veagirr" {Fly rF- Dex-3 Slay+5 Stlth+}
   (You found it on level 25 of a ziggurat)

   [ring of flight]

   Dex-3:     It affects your dexterity (-3).
   Slay+5:    It affects your accuracy & damage with ranged weapons and melee
   (+5).
   rF-:       It makes you vulnerable to fire.
   Fly:       It grants you flight.
   Stlth+:    It makes you more stealthy.
Talismans
 W - the death talisman "Xicvaenus" (active) {Str+2}
   (You found it on level 26 of a ziggurat)

   [talisman of death]

   Str+2:     It affects your strength (+2).
Wands
 s - a wand of quicksilver (177)
 E - a wand of roots (217)
 O - a wand of digging (68)
 Q - a wand of mindburst (34)
Scrolls
 d - 35 scrolls of blinking
 n - 27 scrolls of fear
 r - 6 scrolls of immolation
 w - 12 scrolls of summoning
 z - 10 scrolls of torment
 I - 93 scrolls of teleportation
 L - 55 scrolls of fog
 N - 10 scrolls of amnesia
 U - 30 scrolls of revelation
Potions
 c - 2 potions of lignification
 f - 28 potions of heal wounds
 h - 13 potions of brilliance
 i - 53 potions of curing
 j - 6 potions of cancellation
 k - 27 potions of might
 l - 31 potions of mutation
 o - 10 potions of resistance
 t - 30 potions of haste
 y - 8 potions of invisibility
 B - 22 potions of magic
 H - a potion of enlightenment
 K - 12 potions of experience
 M - a potion of attraction
Miscellaneous
 F - 2 +3 figurines of a ziggurat
 P - a phantom mirror
 R - a sack of spiders
 S - a condenser vane
 V - a lightning rod (4/4)
 X - the horn of Geryon
 Y - a phial of floods


   Skills:
 O Level 27 Fighting
 - Level 1.4(1.6) Axes
 - Level 0.9(15.4) Maces & Flails
 + Level 23.1 Staves
 + Level 25.0 Throwing
 O Level 27 Armour
 O Level 27 Dodging
 O Level 27 Stealth
 O Level 27 Shields
 O Level 27 Spellcasting
 O Level 27 Conjurations
 - Level 10.0 Summonings
 O Level 27 Fire Magic
 O Level 27 Ice Magic
 O Level 27 Air Magic
 O Level 27 Earth Magic
 - Level 5.0 Alchemy
 - Level 21.0 Evocations
 - Level 23.0 Shapeshifting


You had 2 spell levels left.
You knew the following spells:

 Your Spells              Type           Power      Damage    Failure   Level
a - Bombard               Conj/Erth      88%        9d14      1%          6
b - Chain Lightning       Conj/Air       88%        3d117     1%          9
c - Lehudib's Crystal Sp  Conj/Erth      88%        10d19     1%          8
f - Fire Storm            Conj/Fire      100%       8d25      1%          9
i - Irradiate             Conj/Alch      75%        3d36      1%          5
l - Lee's Rapid Deconstr  Erth           88%        3d39*     1%          5
o - Shatter               Erth           88%        3d63*     1%          9
p - Ignition              Fire           100%       3d25      1%          8
v - Polar Vortex          Ice            100%       12d13*    1%          9
w - Passwall              Erth           100%       N/A       1%          3
z - Spellforged Servitor  Conj/Summ      78%        N/A       1%          7

Your spell library contained the following spells:

 Spells                   Type           Power      Damage    Failure   Level
 Apportation              Tloc           100%       N/A       1%          1
 Foxfire                  Conj/Fire      100%       2x1d9     1%          1
 Freeze                   Ice            100%       1d10      1%          1
 Kiss of Death            Conj/Necr      100%       2d13      1%          1
 Magic Dart               Conj           100%       1d8       1%          1
 Necrotise                Necr           100%       1d9       1%          1
 Sandblast                Erth           100%       2d20      1%          1
 Shock                    Conj/Air       100%       1d9       1%          1
 Slow                     Hex            100%       N/A       1%          1
 Sting                    Conj/Alch      100%       1d9       1%          1
 Summon Small Mammal      Summ           100%       N/A       1%          1
 Blink                    Tloc           100%       N/A       1%          2
 Call Imp                 Summ           100%       N/A       1%          2
 Cigotuvi's Dreadful Rot  Necr/Alch/Air  100%       N/A       1%          2
 Ensorcelled Hibernation  Hex/Ice        100%       N/A       1%          2
 Jinxbite                 Hex            100%       N/A       1%          2
 Lesser Beckoning         Tloc           100%       N/A       1%          2
 Mercury Vapours          Alch/Air       100%       N/A       1%          2
 Momentum Strike          Conj/Tloc      100%       3d10      1%          2
 Scorch                   Fire           100%       2d9       1%          2
 Searing Ray              Conj           100%       2d8       1%          2
 Static Discharge         Conj/Air       100%       3-8/arc   1%          2
 Sublimation of Blood     Necr           81%        N/A       1%          2
 Call Canine Familiar     Summ           100%       N/A       1%          3
 Confusing Touch          Hex            100%       N/A       1%          3
 Dazzling Flash           Conj/Hex       100%       N/A       1%          3
 Frozen Ramparts          Ice            100%       1d16      1%          3
 Fugue of the Fallen      Necr           81%        N/A       1%          3
 Gell's Gravitas          Tloc           81%        N/A       1%          3
 Hailstorm                Conj/Ice       100%       3d16      1%          3
 Inner Flame              Hex/Fire       100%       N/A       1%          3
 Mephitic Cloud           Conj/Alch/Air  100%       N/A       1%          3
 Ozocubu's Armour         Ice            100%       N/A       1%          3
 Sigil of Binding         Hex            100%       N/A       1%          3
 Stone Arrow              Conj/Erth      100%       3d13      1%          3
 Summon Ice Beast         Ice/Summ       100%       N/A       1%          3
 Swiftness                Air            100%       N/A       1%          3
 Teleport Other           Tloc           81%        N/A       1%          3
 Tukima's Dance           Hex            100%       N/A       1%          3
 Vampiric Draining        Necr           81%        2d11      1%          3
 Volatile Blastmotes      Fire/Tloc      100%       2d18      1%          3
 Airstrike                Air            88%        2d(13-29) 1%          4
 Animate Armour           Summ/Erth      100%       N/A       1%          4
 Brom's Barrelling Bould  Conj/Erth      100%       2d11      1%          4
 Flame Wave               Conj/Fire      100%       2d21      1%          4
 Fulminant Prism          Conj/Alch      75%        3d31      1%          4
 Ignite Poison            Fire/Alch      100%       N/A       1%          4
 Iskenderun's Mystic Bla  Conj/Tloc      100%       2d19      1%          4
 Leda's Liquefaction      Alch/Erth      75%        N/A       1%          4
 Martyr's Knell           Necr/Summ      100%       N/A       1%          4
 Olgreb's Toxic Radiance  Alch           100%       N/A       1%          4
 Petrify                  Alch/Erth      100%       N/A       1%          4
 Sticky Flame             Fire/Alch      100%       2d15      1%          4
 Summon Blazeheart Golem  Fire/Summ      100%       N/A       1%          4
 Summon Lightning Spire   Summ/Air       100%       N/A       1%          4
 Vhi's Electric Charge    Tloc/Air       100%       N/A       1%          4
 Alistair's Intoxication  Alch           74%        N/A       1%          5
 Arcjolt                  Conj/Air       88%        1d98      1%          5
 Borgnjor's Vile Clutch   Necr/Erth      71%        N/A       1%          5
 Fireball                 Conj/Fire      100%       3d36      1%          5
 Freezing Cloud           Conj/Ice/Air   100%       6-21      1%          5
 Iskenderun's Battlesphe  Conj           100%       2d15      1%          5
 Metabolic Englaciation   Hex/Ice        98%        N/A       1%          5
 Silence                  Hex/Air        84%        N/A       1%          5
 Summon Forest            Summ/Tloc      55%        N/A       1%          5
 Summon Mana Viper        Hex/Summ       100%       N/A       1%          5
 Conjure Ball Lightning   Conj/Air       88%        3x3d33    1%          6
 Plasma Beam              Fire/Air       100%       2x1d120   1%          6
 Sculpt Simulacrum        Ice/Alch       88%        N/A       1%          6
 Starburst                Conj/Fire      100%       6d25      1%          6
 Summon Cactus Giant      Summ           65%        N/A       1%          6
 Orb of Destruction       Conj           88%        9d19      1%          7
 Ozocubu's Refrigeration  Ice            100%       4d29      1%          7
 Maxwell's Capacitive Co  Air            88%        ∞         1%          8
 Anguish                  Hex/Necr       51%        N/A       4%          4
 Cause Fear               Hex            51%        N/A       4%          4
 Dimensional Bullseye     Hex/Tloc       51%        N/A       4%          4
 Dispel Undead            Necr           81%        3d26      4%          4
 Manifold Assault         Tloc           81%        N/A       4%          4
 Passage of Golubria      Tloc           81%        N/A       4%          4
 Yara's Violent Unravell  Hex/Alch       60%        3d23      4%          5
 Monstrous Menagerie      Summ           65%        N/A       6%          7
 Summon Hydra             Summ           65%        N/A       6%          7
 Eringya's Noxious Bog    Alch           55%        4d6       9%          6
 Curse of Agony           Necr           81%        N/A       12%         5
 Haunt                    Necr/Summ      55%        N/A       38%         7
 Malign Gateway           Summ/Tloc      55%        N/A       38%         7
 Summon Horrible Things   Summ           65%        N/A       38%         8
 Death Channel            Necr           40%        N/A       47%         6
 Dispersal                Tloc           40%        N/A       47%         6
 Enfeeble                 Hex            51%        N/A       94%         7
 Dragon's Call            Summ           65%        N/A       99%         9
 Borgnjor's Revivificati  Necr           40%        N/A       100%        8
 Discord                  Hex            51%        N/A       100%        8
 Disjunction              Tloc           40%        N/A       100%        8
 Infestation              Necr           40%        N/A       100%        8
 Death's Door             Necr           40%        N/A       100%        9
 Animate Dead             Necr           Unusable   N/A       N/A         4

Dungeon Overview and Level Annotations

Branches:
Dungeon (15/15)            Temple (1/1) D:6            Lair (5/5) D:10
 Shoals (4/4) Lair:2        Snake (4/4) Lair:2        Slime (5/5) Lair:4
    Orc (2/2) D:12            Elf (3/3) Orc:2        Vaults (5/5) D:13
  Crypt (3/3) Vaults:2       Tomb (3/3) Crypt:3      Depths (4/4) D:15
   Hell (visited)             Dis (7/7) Hell            Geh (7/7) Hell
    Coc (7/7) Hell            Tar (7/7) Hell            Zot (5/5) Depths:4
Ossuary (visited)           IceCv (visited)

Altars:
Ashenzari
Cheibriados
Dithmenos
Fedhas
Gozag
Hepliaklqana
Kikubaaqudgha
Makhleb
Nemelex Xobeh
Okawaru
Qazlal
Ru
Sif Muna
Trog
Uskayaw
Vehumet
Wu Jian
Xom
Yredelemnul
Jiyva

Shops:
D:3 !   D:12 =::   D:13 :[   Orc:2 =[:?[   Elf:3 [*   Shoals:4 [=   Snake:1 =:=
Vaults:1 =   Vaults:4 ([?=   Hell *[(=

Portals:
Hell: Depths:1 Depths:2 Depths:3 Depths:4
Abyss: D:6 Depths:2 Depths:3 Depths:4
Pandemonium: Depths:2

Annotations:
D:6 2 transporters, LoggersVIII's ghost, novice OpEE
D:7 1 runed translucent door, Crazy Yiuf
D:11 2 transporters
Elf:2 3 runed translucent doors
Depths:1 1 runed translucent door


Innate Abilities, Weirdness & Mutations

You are an undying horror.
Your melee and unarmed attacks drain, slow and weaken victims.
You are immune to unholy pain and torment.
You cannot drink.
You are immune to poison.
You frequently emit foul miasma when damaged in melee.
When hurt, damage is shared between your health and your magic reserves.
You regenerate magic rapidly.
When low on magic, you restore magic in place of health.
Your melee attacks may debilitate your foes.
You are completely covered in razor-sharp scales. (AC +3, Slay +3)
Your hexes are more powerful.
You are surrounded by an aura of silence.
Your touch may irresistibly damage your foes and sap their willpower.
You have large cloven feet.
You are agile. (Dex +4, Str/Int -1)
You possess an exceptional clarity of mind.
Your spells are a little harder to cast, but a little more powerful.
You expend magic power (3 MP) to strengthen your wands.


Message History

There is a stone staircase leading down here.
What level of the Dungeon? (default 1, ? - help) Magic restored.
There is a stone staircase leading up here.
You climb upwards.
There is a stone staircase leading down here.
A sun demon comes into view.
Casting: Shatter (mildly dangerous; 1% risk of failure)
Confirm with . or Enter, or press ? or * to list all spells.
You feel a surge of power!
The dungeon rumbles!
The sun demon is lightly wounded.
Ka-crash!
Unknown command.
Casting: Shatter (mildly dangerous; 1% risk of failure)
Confirm with . or Enter, or press ? or * to list all spells.
You feel a surge of power!
The dungeon rumbles!
You kill the sun demon!
Ka-crash!
Casting: Shatter (mildly dangerous; 1% risk of failure)
Confirm with . or Enter, or press ? or * to list all spells.
You can't see any susceptible monsters within range! (Use Z to cast anyway.) Unknown command.
A chaos spawn comes into view.
Casting: Shatter (mildly dangerous; 1% risk of failure)
Confirm with . or Enter, or press ? or * to list all spells.
You feel a surge of power!
The dungeon rumbles!
You kill the chaos spawn!
The chaos spawn degenerates into a cloud of primal chaos!
Ka-crash!
What level of the Dungeon? (default 1, ? - help) You're already here!
Magic restored.
You see here a +0 dagger.
There is an open door here.
There is a staircase leading out of the dungeon here.
You can't go down here!
You have escaped!

#...........# #....
#..####'##..# #.###
#########..##...##..# #.#
#..........#.###.#..###.###
#..........#.#8#.#..##....#
#.......#..#.'##.#...#....#
#.......#..##...##........#
#.......#..#######..##....#
#.......#.z..........#....#
#.......#............##.###
#.......'...............#
#.......#################
#.......# #########


There were no monsters in sight!

Vanquished Creatures
  Cerebov (Pan)
  Asmodeus (Geh:7)
  Antaeus (Coc:7)
  Ereshkigal (Tar:7)
  Mnoleg (Pan)
  the Royal Jelly (Slime:5)
  Gloorx Vloq (Pan)
  Lom Lobon (Pan)
  58 pandemonium lords
  the Serpent of Hell (Tar:7)
  Dispater (Dis:7)
  47 dread liches
  6 orbs of fire
  47 ancient liches
  Mennas (Pan)
  11 juggernauts
  58 royal mummies
  The ghost of Mojoaz the Skullcrusher, a legendary GrFi of the Shining One (Zig:3)
  Sojobo (Crypt:2)
  Vv (Depths:2)
  Parghit (Zot:2)
  Bai Suzhen (Shoals:3)
  13 Killer Klowns
  13 shard shrikes
  A curse toe (Zot:4)
  Vashnia (Snake:4)
  34 caustic shrikes
  Geryon (Hell)
  55 golden dragons
  Nikola (Shoals:4)
  11 profane servitors
  Jory (Crypt:3)
  44 Tzitzimimeh
  15 doom hounds
  28 iron giants
  30 bone dragons
  50 Brimstone Fiends
  3 electric golems
  61 Ice Fiends
  36 hellephants
  49 tentacled monstrosities
  Zenata (Crypt:3)
  72 Hell Sentinels
  8 deep elf blademasters
  29 Orb Guardians
  A walking crystal tome (Depths:3)
  17 liches
  3 shard shrike skeletons
  31 titans
  A walking divine tome (Zig:15)
  7 deep elf master archers
  64 searing wretches
  Rupert (D:14)
  Murray (Depths:2)
  13 tainted leviathans
  34 acid blobs
  3 walking frostbound tomes (Pan)
  Polyphemus (Shoals:4)
  15 quicksilver dragons
  A kraken (Shoals:3)
  48 ancient champions
  29 sphinxes
  6 death cobs
  76 Executioners
  An eldritch tentacle (Pan)
  6 tentacled starspawn
  Frances (Snake:2)
  A sphinx (shapeshifter) (Zig:25)
  13 storm dragons
  5 thorn hunters
  Aizul (Shoals:1)
  Roxanne (Shoals:3)
  20 tengu reavers
  18 revenants
  100 nagarajas
  16 shadow dragons
  27 draconian monks
  19 azure jellies
  Ilsuiw (Shoals:3)
  A fenstrider witch (shapeshifter) (Zig:25)
  32 fenstrider witches
  71 ghost moths
  15 rockslimes
  29 fire giants
  30 draconian knights
  49 demonspawn warmongers
  44 emperor scorpions
  8 iron dragons
  2 daevas (Pan)
  19 frost giants
  19 protean progenitors
  Louise (D:14)
  30 draconian scorchers
  15 narguns
  2 caustic shrike zombies
  24 vault wardens
  18 quicksilver elementals
  17 shard shrike simulacra
  27 draconian shifters
  12 deep elf sorcerers
  8 ghouls
  146 balrugs
  6 deep elf elementalists
  4 juggernaut zombies
  2 spectral juggernauts
  20 curse skulls
  73 reapers
  36 draconian stormcallers
  90 cacodemons
  15 broodmothers
  4 angels
  6 spectral caustic shrikes
  33 ironbound preservers
  25 draconian annihilators
  29 quicksilver oozes
  29 stone giants
  3 spriggan defenders
  A broodmother (shapeshifter) (Zig:25)
  14 juggernaut skeletons
  13 orc warlords
  16 green draconians
  44 demonspawn corrupters
  61 demonspawn blood saints
  40 demonspawn black suns
  A formless jellyfish (shapeshifter) (Zig:25)
  15 deep elf death magi
  15 eleionomae
  17 deep elf demonologists
  11 caustic shrike skeletons
  32 vampire knights
  16 formless jellyfish
  36 very ugly things
  A spectral titan (Tar:1)
  6 dire elephants
  20 deep elf annihilators
  79 lorocyprocas
  10 putrid mouths
  22 black draconians
  21 elemental wellsprings
  18 red draconians
  2 ironbound thunderhulks
  27 purple draconians
  13 bunyips
  14 bennus
  31 wendigos
  39 war gargoyles
  15 yellow draconians
  15 white draconians
  11 spark wasps
  29 eidola
  A minotaur (Shoals:4)
  Nessos (D:12)
  41 iron golems
  A crystal guardian (Vaults:4)
  13 jiangshi
  6 merfolk javelineers
  6 fire dragons
  84 blizzard demons
  97 green deaths
  3 quicksilver dragon zombies
  15 merfolk impalers
  46 entropy weavers
  11 great orbs of eyes
  5 spectral spriggans
  23 ettins
  18 yaktaur captains
  23 deep elf high priests
  49 mummy priests
  21 shambling mangroves
  2 spectral iron giants (Tar:3)
  Fannar (Lair:2)
  35 vault guards
  12 rakshasas
  Harold (D:9)
  2 quicksilver dragon skeletons
  127 salamander tyrants
  7 ice dragons
  8 ghost crabs
  3 peacekeepers
  A sphinx zombie (Zig:23)
  8 spriggan air magi
  Erolcha (D:9)
  6 spriggan zombies
  9 spriggan skeletons
  28 hydras
  17 caustic shrike simulacra
  Erica (D:11)
  10 ironbound frosthearts
  11 jorogumos
  8 juggernaut simulacra
  4 alligator snapping turtles
  8 centaur warriors
  15 ogre magi
  17 hell beasts
  An anaconda (shapeshifter) (Zig:21)
  A death knight (D:15)
  21 radroaches
  28 anacondas
  10 satyrs
  14 boulder beetles
  4 catoblepae
  34 merfolk aquamancers
  10 stokers
  A two-headed ogre (shapeshifter) (Zig:25)
  10 two-headed ogres
  6 alligators
  The ghost of TheBioAlchemist the Geomancer, a journeyman GrEE of Vehumet (D:11)
  2 merfolk avatars (Zig:20)
  46 dancing weapons
  51 death scarabs
  6 deep troll shamans
  17 death yaks
  A sphinx skeleton (Zig:23)
  4 deep troll earth magi
  4 tengu warriors
  48 naga sharpshooters
  126 demonic crawlers
  2 spectral dire elephants
  6 holy swine (Pan)
  11 orc high priests
  28 vampire magi
  8 thrashing horrors
  31 hell hogs
  36 naga warriors
  2 hell knights
  An occultist (Zig:13)
  3 spriggan berserkers
  3 titan zombies
  9 nameless horrors
  3 shock serpents (shapeshifter)
  35 shock serpents
  25 deep elf knights
  Urug (D:11)
  Amaemon (D:8)
  Nergalle (Lair:1)
  210 soul eaters
  8 wretched stars
  109 sixfirhies
  A storm dragon zombie (Crypt:3)
  16 crystal echidnas
  338 sun demons
  2 hellephant skeletons (Pan)
  18 salamander mystics
  2 titan skeletons (Zig:23)
  37 shadow wraiths
  10 skysharks
  A goliath frog (shapeshifter) (Zig:16)
  5 goliath frogs
  2 bunyip zombies
  5 golden dragon zombies
  5 quicksilver dragon simulacra
  7 iron trolls
  12 orb spiders
  A spatial maelstrom (Zig:15)
  4 storm dragon skeletons
  4 deep trolls (shapeshifter)
  A spark wasp zombie (Depths:2)
  An orb spider (shapeshifter) (Zig:27)
  33 pharaoh ants
  67 shadow demons
  37 skeletal warriors
  2 sea snakes (shapeshifter)
  16 glowing orange brains
  21 sea snakes
  2 spectral anacondas (Tar:3)
  15 sun moths
  4 cherubim
  6 obsidian statues
  19 spriggan druids
  2 mana vipers (shapeshifter) (Zig:25)
  47 deep trolls
  26 naga ritualists
  3 death drakes
  23 deep elf archers
  14 swamp dragons
  2 anaconda zombies (Crypt:3)
  7 bog bodies
  28 flayed ghosts
  10 orange crystal statues
  An anaconda skeleton (Tomb:2)
  31 phantasmal warriors
  10 arcanists
  20 ironbound convokers
  24 mana vipers
  3 iron dragon zombies
  13 starcursed masses
  4 spectral hydras
  2 golden dragon skeletons (Zig:23)
  Pikel (D:5)
  5 spriggan simulacra
  3 glowing orange brains (shapeshifter)
  11 lindwurms
  2 tengu zombies
  3 shadow dragon zombies
  40 deep elf pyromancers
  15 orc knights
  33 steelbarb worms
  9 necromancers
  19 harpies
  A harpy (shapeshifter) (Zig:19)
  176 large abominations
  An oklob plant (Zig:16)
  A faun (shapeshifter) (Vaults:5)
  34 deep elf zephyrmancers
  5 tengu skeletons
  A shining eye (shapeshifter) (Zig:25)
  20 orc sorcerers
  39 wolf spiders
  A shadow dragon skeleton (Zig:9)
  A manticore (shapeshifter) (Zig:3)
  12 fauns
  2 worldbinders (Abyss:1)
  11 cyclopes
  An alligator skeleton (Crypt:3)
  11 shining eyes
  31 salamanders
  56 ugly things
  10 will-o-the-wisps
  2 centaur zombies
  29 manticores
  A dire elephant zombie (Crypt:3)
  9 meliai
  30 water nymphs
  An elephant (shapeshifter) (Zig:21)
  3 spectral ettins
  154 black mambas
  12 ice statues
  25 rust devils
  42 moths of wrath
  A water nymph (shapeshifter) (Vaults:5)
  Joseph (D:7)
  4 iron dragon skeletons
  55 naga magi
  195 smoke demons
  16 elephants
  24 vault sentinels
  35 guardian serpents
  12 merfolk sirens
  A fire giant skeleton (Zig:9)
  10 titan simulacra
  8 kobold blastminers
  34 torpor snails
  A black mamba (shapeshifter) (Abyss:3)
  8 apocalypse crabs
  2 gargoyles
  95 orange demons
  2 storm dragon simulacra
  A centaur skeleton (Tomb:1)
  4 Executioner simulacra (Pan)
  A frost giant skeleton (Zig:9)
  Maggie (D:8)
  82 hellions
  An eye of devastation (shapeshifter) (Zig:25)
  A cane toad (shapeshifter) (Zig:19)
  27 cane toads
  A kobold demonologist (D:12)
  11 eyes of devastation
  A purple draconian zombie (Crypt:2)
  12 komodo dragons
  A komodo dragon (shapeshifter) (Zig:16)
  102 tormentors
  13 yaktaurs
  Psyche (D:11)
  6 anaconda simulacra
  An alligator snapping turtle skeleton (Crypt:3)
  22 ice devils
  19 rime drakes
  22 efreet
  7 iron giant simulacra
  12 freezing wraiths
  4 golden dragon simulacra
  An unseen horror (Abyss:1)
  21 red devils
  5 ancient zymes
  2 tengu conjurers (Depths:1)
  2 spectral nagas (Tar:1)
  A dire elephant skeleton (Crypt:3)
  2 spectral harpies (Tar:3)
  101 guardian mummies
  8 tyrant leeches
  A wind drake (shapeshifter) (Zig:19)
  47 hornets
  9 trolls
  2 bloated husks
  19 polar bears
  7 harpy zombies
  4 merfolk (shapeshifter)
  31 merfolk
  75 hellwings
  A hornet (shapeshifter) (Zig:19)
  A queen bee (shapeshifter) (D:13)
  A polar bear (shapeshifter) (Vaults:4)
  A silent spectre (Tar:2)
  30 wind drakes
  A hydra skeleton (Crypt:1)
  29 tarantellas
  2 raiju (Zig:15)
  A tengu simulacrum (Zig:14)
  A fire dragon zombie (Crypt:1)
  A snapping turtle (shapeshifter) (Vaults:5)
  A shadow dragon simulacrum (Coc:1)
  Prince Ribbit (D:7)
  14 blink frogs
  An ettin zombie (Tomb:3)
  5 iron dragon simulacra
  15 dream sheep
  17 snapping turtles
  14 glass eyes
  A fire giant simulacrum (Depths:2)
  A stone giant simulacrum (Coc:1)
  29 jumping spiders
  127 slime creatures
  A spriggan (shapeshifter) (Zig:27)
  24 culicivoras
  23 spriggans
  48 ushabtiu
  16 water elementals
  5 air elementals
  11 wyverns
  2 ettin skeletons
  179 ynoxinuls
  3 shadows
  13 vampires
  11 fire elementals
  6 fire bats
  13 wraiths
  59 yaks
  11 dire elephant simulacra
  26 golden eyes
  9 basilisks
  An alligator snapping turtle simulacrum (Hell)
  4 wargs (Orc:2)
  7 vampire mosquitoes
  Grum (D:8)
  33 redbacks
  A wind drake skeleton (Crypt:2)
  101 neqoxecs
  2 redbacks (shapeshifter)
  Menkaure (D:7)
  3 steam dragons (Shoals:3)
  178 chaos spawn
  29 harpy simulacra
  A naga zombie (Crypt:1)
  A glowing shapeshifter zombie (Zig:23)
  54 nagas
  4 acid dragons
  6 hydra simulacra
  4 glowing shapeshifter skeletons
  9 hell hounds (Pan)
  A deep troll skeleton (Crypt:3)
  A human skeleton (Zig:7)
  15 black bears
  An elephant zombie (Crypt:2)
  A merfolk skeleton (Crypt:2)
  31 water moccasins
  An ice dragon simulacrum (Crypt:1)
  2 swamp drakes
  22 laughing skulls
  63 orc warriors
  2 merfolk simulacra
  4 sky beasts
  2 ice beasts (D:5)
  8 small abominations
  4 ettin simulacra
  35 wolves
  9 centaurs
  35 ogres
  6 boggarts
  A snapping turtle skeleton (Crypt:2)
  A draconian zombie (Crypt:1)
  7 weeping skulls
  6 earth elementals
  A brain worm (Abyss:1)
  9 bullfrogs
  2 gnoll sergeants
  A bullfrog (shapeshifter) (D:14)
  9 scorpions
  2 elf zombies (Ossuary)
  5 naga simulacra
  A necrophage (Crypt:2)
  A wyvern skeleton (Crypt:1)
  11 wights
  A swamp dragon simulacrum (Coc:1)
  5 electric eels
  2 howler monkeys
  3 crimson imps (Zig:22)
  4 human zombies
  13 orc priests
  A bullfrog zombie (Crypt:1)
  3 hounds
  6 jellies
  2 gnoll boudas
  An iron imp (Abyss:1)
  2 iguanas
  37 orc wizards
  A boggart zombie (Crypt:2)
  A killer bee zombie (Crypt:3)
  A deep dwarf zombie (Crypt:3)
  An ogre zombie (Crypt:3)
  2 naga skeletons
  An ogre skeleton (Crypt:3)
  139 mummies
  A howler monkey zombie (Ossuary)
  24 gnolls
  4 adders
  2 white imps
  7 ufetubi
  3 dart slugs
  A ribbon worm (D:3)
  72 orcs
  6 bats
  10 endoplasms
  3 giant cockroaches
  6 goblins
  7 hobgoblins
  8 jackals
  8 kobolds
  3 quokkas
  9 ball pythons
  4 frilled lizards
  A gnoll skeleton (Crypt:3)
  An orc skeleton (Crypt:1)
  An orc zombie (Ossuary)
  5 rats
  20 aspiring fleshes
  10 ball lightnings (Pan)
  3 butterflies
  6 creeping infernos
  17 fire vortices
  A lurking horror (Abyss:1)
  3 starspawn tentacles
9855 creatures vanquished.

Vanquished Creatures (collateral kills)
  2 pandemonium lords (Pan)
  A dread lich (Coc:5)
  An ancient lich (Tar:4)
  An orb of fire (Zot:1)
  A royal mummy (Tomb:1)
  3 golden dragons
  2 profane servitors
  4 bone dragons
  2 Brimstone Fiends (Pan)
  2 Hell Sentinels (Pan)
  4 Tzitzimimeh
  A hellephant (Pan)
  A tentacled monstrosity (Pan)
  3 Ice Fiends
  Asterion (Depths:1)
  A tainted leviathan (Tar:7)
  2 liches
  A sphinx (Depths:4)
  6 Executioners (Pan)
  A tentacled starspawn (Abyss:2)
  A shadow dragon (Zot:4)
  A tengu reaver (Depths:3)
  4 storm dragons
  2 revenants
  2 fire giants
  3 narguns
  An azure jelly (Coc:1)
  4 frost giants
  3 demonspawn warmongers (Pan)
  3 spectral caustic shrikes (Depths:2)
  5 vault wardens
  6 balrugs (Pan)
  A draconian scorcher (Zot:1)
  4 very ugly things
  A ghoul (Crypt:2)
  2 reapers (Pan)
  A deep elf elementalist (Elf:3)
  A juggernaut zombie (Crypt:3)
  5 cacodemons (Pan)
  A quicksilver ooze (Slime:5)
  A demonspawn blood saint (Pan)
  2 demonspawn corrupters (Pan)
  A caustic shrike skeleton (Pan)
  2 green draconians (Depths:4)
  5 ironbound preservers
  5 stone giants
  2 putrid mouths
  A deep elf death mage (Elf:3)
  2 minotaurs (Shoals:4)
  4 demonspawn black suns (Pan)
  A red draconian (Zot:1)
  5 vampire knights
  2 black draconians (Zot:1)
  6 lorocyprocas (Pan)
  A yellow draconian (Zot:1)
  A dire elephant (Vaults:4)
  A wendigo (Coc:3)
  A spark wasp (Depths:1)
  A deep elf annihilator (Vaults:5)
  A purple draconian (Zot:4)
  5 ettins
  Snorg (Lair:4)
  5 blizzard demons
  4 green deaths (Pan)
  An iron golem (Hell)
  A merfolk javelineer (Shoals:4)
  A merfolk impaler (Shoals:4)
  3 fire dragons
  7 jiangshi
  A spriggan zombie (Crypt:1)
  A spectral spriggan (Tar:2)
  A yaktaur captain (Vaults:4)
  5 great orbs of eyes
  An ice dragon (Depths:2)
  3 vault guards
  A caustic shrike simulacrum (Coc:1)
  4 hell beasts (Pan)
  A juggernaut simulacrum (Coc:4)
  2 death knights
  4 centaur warriors
  6 satyrs
  An alligator snapping turtle (Zig:18)
  2 ironbound frosthearts
  A sphinx zombie (Vaults:2)
  2 dancing weapons
  2 merfolk aquamancers
  2 anacondas (Snake:3)
  3 deep troll shamans (Depths:4)
  A naga warrior (Snake:3)
  A two-headed ogre (shapeshifter) (Vaults:5)
  A hell hog (Abyss:1)
  A vampire mage (Crypt:1)
  A demonic crawler (Pan)
  A death yak (Shoals:4)
  A deep troll earth mage (Depths:3)
  A spriggan berserker (Depths:1)
  3 shock serpents
  A titan zombie (Crypt:3)
  26 sun demons
  2 deep elf knights (Elf:3)
  4 naga sharpshooters
  7 soul eaters
  A shadow wraith (Tar:7)
  5 sixfirhies (Pan)
  5 salamander mystics
  A skyshark (Shoals:3)
  2 storm dragon zombies (Crypt:3)
  A fire crab (shapeshifter) (Vaults:5)
  3 sea snakes
  2 iron trolls
  16 deep trolls
  3 naga ritualists
  A flayed ghost (Crypt:3)
  4 shadow demons (Pan)
  A sun moth (Pan)
  3 phantasmal warriors
  3 lindwurms (Vaults:1)
  A spriggan simulacrum (Coc:6)
  A glowing orange brain (Vaults:4)
  3 ironbound convokers
  4 mana vipers
  2 necromancers
  3 deep elf zephyrmancers
  A shadow dragon zombie (Crypt:3)
  5 harpies
  4 salamanders
  10 ugly things
  A deep elf pyromancer (Elf:2)
  A frost giant zombie (Depths:2)
  5 fauns
  A fire giant zombie (Depths:2)
  An orc sorcerer (Elf:3)
  A spectral alligator snapping turtle (Tar:2)
  6 manticores
  3 black mambas
  A water nymph (Shoals:2)
  An apocalypse crab (Zig:25)
  A guardian serpent (Snake:4)
  4 naga magi (Snake:4)
  A stone giant skeleton (Crypt:3)
  4 merfolk sirens
  A rust devil (Pan)
  10 smoke demons (Pan)
  6 orange demons (Pan)
  A cane toad (Lair:4)
  5 vault sentinels
  2 hellions (Pan)
  13 large abominations (Pan)
  2 yaktaurs (Vaults:1)
  A pale draconian zombie (Crypt:2)
  A tengu conjurer (Depths:2)
  A harpy zombie (Crypt:1)
  A redback zombie (Crypt:1)
  An anaconda simulacrum (Coc:5)
  A guardian mummy (Tomb:1)
  A spectral harpy (Tar:1)
  A guardian serpent zombie (Crypt:2)
  3 hellwings (Pan)
  2 wind drakes
  6 merfolk
  2 harpy skeletons (Crypt:3)
  An iron dragon simulacrum (Coc:5)
  A dream sheep (Shoals:4)
  A raiju (Abyss:3)
  2 snapping turtles
  4 slime creatures
  8 water elementals
  2 wraiths (Crypt:1)
  4 vampires (Crypt:3)
  A fire bat (Pan)
  5 golden eyes (Pan)
  8 ynoxinuls
  A steam dragon (Shoals:3)
  A warg (Elf:3)
  A neqoxec (Pan)
  11 chaos spawn (Pan)
  9 nagas
  A water moccasin (Lair:4)
  6 mummies
  A shadow imp (Abyss:1)
  2 ufetubi (Abyss:1)
  An orc (Elf:3)
  3 aspiring fleshes
  A boulder (IceCv)
  A starspawn tentacle (Pan)
511 creatures vanquished.

Vanquished Creatures (others)
  A pandemonium lord (Pan)
  A tentacled monstrosity (Zig:22)
  A titan (Pan)
  2 eldritch tentacles (Pan)
  2 nagarajas (Zig:18)
  A reaper (Pan)
  A blizzard demon (Pan)
  A rakshasa (Pan)
  A juggernaut simulacrum (Coc:5)
  A stoker (Geh:7)
  An ogre mage (Abyss:3)
  A merfolk aquamancer (Zig:20)
  2 glowing orange brains (Pan)
  A harpy (Shoals:4)
  A hellion (Pan)
  A large abomination (Pan)
  A wind drake (Pan)
  A slime creature (Vaults:3)
  A ynoxinul (Pan)
  4 fire bats
  A golden eye (Pan)
  An alligator snapping turtle simulacrum (Coc:1)
  A neqoxec (Pan)
  6 ball lightnings (Pan)
  3 boulders
  2124 fire vortices
  10 foxfires
  2 lurking horrors
  8 starspawn tentacles
  4 tentacles (Shoals:3)
2186 creatures vanquished.

Grand Total: 12552 creatures vanquished

Notes
Turn   | Place    | Note
-------+----------+-------------------------------------------
     0 | D:1      | oldriver the Demonspawn Earth Elementalist began the quest
                  | for the Orb.
     0 | D:1      | Reached XP level 1. HP: 13/13 MP: 3/3
   216 | D:1      | Gained mutation: You regenerate magic rapidly. [demonic
                  | ancestry]
   216 | D:1      | Reached XP level 2. HP: 20/20 MP: 0/5
   566 | D:1      | Reached skill level 1 in Fighting
   658 | D:1      | Gained mutation: You may rarely emit foul miasma when
                  | damaged in melee. [demonic ancestry]
   658 | D:1      | Reached XP level 3. HP: 26/26 MP: 4/6
   917 | D:1      | Learned a level 3 spell: Passwall
  1288 | D:2      | Reached XP level 4. HP: 17/32 MP: 3/7
  1811 | D:3      | Found Daf Gaif's Distillery.
  1845 | D:3      | Bought a potion of curing for 30 gold pieces
  1845 | D:3      | Bought a potion of heal wounds for 50 gold pieces
  1966 | D:3      | Found an ancient bone altar of Kikubaaqudgha.
  2088 | D:3      | Found a faded altar of an unknown god.
  2499 | D:3      | Learned a level 3 spell: Stone Arrow
  2551 | D:4      | Identified the +0 hat of the Spider Nest {rF- Str+5 Int+3}
  2639 | D:4      | Reached XP level 5. HP: 38/38 MP: 7/9
  2647 | D:4      | Found a shadowy altar of Dithmenos.
  3056 | D:4      | Identified the +3 cloak of Sloth {rPois rC+++ Stlth-}
  3175 | D:4      | Found a blossoming altar of Fedhas.
  3482 | D:5      | Entered Level 5 of the Dungeon
  3678 | D:5      | Gained mutation: You sometimes emit foul miasma when
                  | damaged in melee. [demonic ancestry]
  3678 | D:5      | Reached XP level 6. HP: 46/46 MP: 7/10
  3843 | D:5      | Noticed an ice beast
  4013 | D:5      | Found a sacrificial altar of Ru.
  4086 | D:5      | Found a radiant altar of Vehumet.
  4096 | D:5      | Found a shimmering altar of Xom.
  4110 | D:5      | Reached XP level 7. HP: 52/52 MP: 9/12
  4557 | D:6      | Noticed Pikel
  4811 | D:5      | Killed Pikel
  4812 | D:5      | Reached skill level 5 in Spellcasting
  4812 | D:5      | Reached skill level 5 in Conjurations
  4812 | D:5      | Reached skill level 5 in Earth Magic
  4812 | D:5      | Reached XP level 8. HP: 60/61 MP: 5/15
  4990 | D:6      | Reached skill level 5 in Fighting
  5044 | D:6      | Found a transporter.
  5347 | D:6      | Found a one-way gate to the infinite horrors of the Abyss.
  5347 | D:6      | Noticed LoggersVIII's ghost (novice OpEE)
  5347 | D:6      | Noticed an arcanist
  5354 | D:6      | Found a transporter.
  5600 | D:6      | Reached XP level 9. HP: 68/68 MP: 2/17
  5709 | D:6      | Found a staircase to the Ecumenical Temple.
  5784 | Temple   | Entered the Ecumenical Temple
  6105 | D:6      | Learned a level 4 spell: Brom's Barrelling Boulder
  6131 | D:7      | Noticed Menkaure
  6139 | D:7      | Killed Menkaure
  6465 | D:7      | You fall into a shaft and drop 1 floor!
  6479 | D:8      | Noticed Grum
  6487 | D:8      | Killed Grum
  6693 | D:7      | Noticed Prince Ribbit
  6696 | D:7      | Killed Prince Ribbit
  6697 | D:7      | Gained mutation: You are partially covered in razor-sharp
                  | scales. (AC +1, Slay +1) [demonic ancestry]
  6697 | D:7      | Reached XP level 10. HP: 79/79 MP: 8/20
  6709 | D:7      | Identified the +1 pair of gloves of the Dull Grue {rC+
                  | Int+5}
  6762 | D:7      | Noticed Joseph
  6769 | D:7      | Killed Joseph
  6786 | D:7      | Found a sand-covered staircase.
  6796 | Ossuary  | Entered an ossuary
  6796 | Ossuary  | Found a huge runed translucent gate.
  6796 | Ossuary  | Found a huge runed translucent gate.
  6796 | Ossuary  | Found a huge runed translucent gate.
  6796 | Ossuary  | Found a huge runed translucent gate.
  6796 | Ossuary  | Found a huge runed translucent gate.
  6796 | Ossuary  | Found a huge runed translucent gate.
  6796 | Ossuary  | Found a huge runed translucent gate.
  6796 | Ossuary  | Found a huge runed translucent gate.
  6796 | Ossuary  | Found a huge runed translucent gate.
  6944 | Ossuary  | Found a huge runed translucent gate.
  6944 | Ossuary  | Found a huge runed translucent gate.
  6945 | Ossuary  | Found a huge runed translucent gate.
  6945 | Ossuary  | Found a huge runed translucent gate.
  6947 | Ossuary  | Found a huge runed translucent gate.
  6947 | Ossuary  | Found a huge runed translucent gate.
  6992 | Ossuary  | Found a huge runed translucent gate.
  6992 | Ossuary  | Found a huge runed translucent gate.
  6992 | Ossuary  | Found a huge runed translucent gate.
  6992 | Ossuary  | Found a huge runed translucent gate.
  6992 | Ossuary  | Found a huge runed translucent gate.
  6993 | Ossuary  | Found a huge runed translucent gate.
  6993 | Ossuary  | Found a huge runed translucent gate.
  6995 | Ossuary  | Found a huge runed translucent gate.
  6995 | Ossuary  | Found a huge runed translucent gate.
  6996 | Ossuary  | Found a huge runed translucent gate.
  6996 | Ossuary  | Found a huge runed translucent gate.
  6997 | Ossuary  | Found a huge runed translucent gate.
  6997 | Ossuary  | Found a huge runed translucent gate.
  6999 | Ossuary  | Found a huge runed translucent gate.
  6999 | Ossuary  | Found a huge runed translucent gate.
  7043 | Ossuary  | Found a huge runed translucent gate.
  7043 | Ossuary  | Found a huge runed translucent gate.
  7043 | Ossuary  | Found a huge runed translucent gate.
  7043 | Ossuary  | Found a huge runed translucent gate.
  7043 | Ossuary  | Found a huge runed translucent gate.
  7670 | D:7      | Found a runed translucent door.
  7671 | D:7      | Noticed Crazy Yiuf
  8077 | D:8      | Found a shimmering blue altar of Sif Muna.
  8634 | D:8      | Noticed Amaemon
  8634 | D:8      | Noticed an orange demon
  8649 | D:8      | Killed Amaemon
  8650 | D:8      | Reached skill level 1 in Armour
  8700 | D:8      | Killed an orange demon
  8768 | D:8      | Noticed Maggie
  8846 | D:8      | Killed Maggie
  9086 | D:9      | Noticed Harold
  9351 | D:9      | Found an opulent altar of Gozag.
  9358 | D:9      | Became a worshipper of Gozag Ym Sagoz the Greedy
  9396 | D:9      | Gained mutation: Your touch may inflict minor irresistible
                  | damage on your foes. [demonic ancestry]
  9396 | D:9      | Reached XP level 11. HP: 86/86 MP: 10/22
  9499 | D:9      | Killed Harold
  9798 | D:9      | Noticed Erolcha
  9804 | D:9      | Killed Erolcha
 10057 | D:10     | Entered Level 10 of the Dungeon
 10540 | D:10     | Identified the +0 robe "Mithit" {rF++ rC+}
 10548 | D:10     | Found a staircase to the Lair.
 11071 | D:10     | Identified a scroll of acquirement
 11071 | D:10     | Acquired a staff of conjuration
 11136 | D:10     | Learned a level 5 spell: Irradiate
 11144 | D:10     | Learned a level 7 spell: Orb of Destruction
 11243 | D:11     | Reached skill level 1 in Alchemy
 11330 | D:11     | Noticed Urug
 11461 | Lair:1   | Entered Level 1 of the Lair of Beasts
 11754 | Lair:1   | Noticed Nergalle
 11767 | Lair:1   | Reached skill level 10 in Conjurations
 11784 | Lair:1   | Killed Nergalle
 12252 | Lair:1   | Gained mutation: Your touch may inflict irresistible damage
                  | on your foes. [demonic ancestry]
 12252 | Lair:1   | Reached XP level 12. HP: 95/95 MP: 24/24
 13119 | Lair:1   | Reached skill level 1 in Shields
 13521 | Lair:2   | Noticed a five-headed hydra
 13631 | Lair:2   | Killed a five-headed hydra
 13790 | Lair:2   | Noticed Fannar
 13796 | Lair:2   | Killed Fannar
 13960 | Lair:2   | Reached skill level 5 in Shields
 14044 | Lair:2   | Found a staircase to the Shoals.
 14214 | Lair:2   | Reached skill level 10 in Fighting
 14266 | Lair:2   | Found a staircase to the Snake Pit.
 14678 | Lair:3   | Identified the +6 spear of Meghoore {venom, Str+2}
 15808 | Lair:4   | Noticed Snorg
 15814 | Lair:4   | Killed Snorg
 15825 | Lair:4   | Gained mutation: You frequently emit foul miasma when
                  | damaged in melee. [demonic ancestry]
 15825 | Lair:4   | Reached XP level 13. HP: 93/104 MP: 21/26
 15908 | Lair:4   | Reached skill level 10 in Spellcasting
 17468 | Lair:4   | Found a staircase to the Slime Pits.
 17468 | Lair:4   | Found a viscous altar of Jiyva.
 17646 | Lair:5   | Entered Level 5 of the Lair of Beasts
 17734 | Lair:5   | Found a frozen archway.
 17853 | IceCv    | Entered an ice cave
 17865 | IceCv    | Reached skill level 5 in Stealth
 17902 | IceCv    | Reached skill level 5 in Dodging
 18621 | IceCv    | Noticed a frost giant
 18797 | IceCv    | Killed a frost giant
 18804 | IceCv    | Reached XP level 14. HP: 68/113 MP: 15/28
 20090 | Lair:5   | Identified the +10 glaive of Laceration {heavy, rN+ Will-
                  | Int+3}
 20603 | Lair:5   | Identified the +7 halberd "Icihoa" {venom, rElec Str+3
                  | Dex-4 SInv}
 20689 | Lair:5   | Reached skill level 5 in Alchemy
 21868 | D:11     | Noticed Erica
 21891 | D:11     | Killed Erica
 22165 | D:11     | Noticed Psyche
 22167 | D:11     | Killed Psyche
 22305 | D:11     | Found a transporter.
 22406 | D:11     | Killed Urug
 22478 | D:11     | Found a transporter.
 22479 | D:11     | Noticed TheBioAlchemist's ghost (journeyman GrEE)
 22487 | D:11     | Found a bloodstained altar of Trog.
 22970 | D:12     | Bought the ring of the Mage {Wiz Archmagi} for 765 gold
                  | pieces
 22970 | D:12     | Found the ring of the Mage {Wiz Archmagi}
 23223 | D:12     | Found a staircase to the Orcish Mines.
 23299 | D:12     | Found a portal to a secret trove of treasure.
 23402 | D:12     | Reached skill level 15 in Conjurations
 23755 | D:12     | Reached XP level 15. HP: 122/122 MP: 30/30
 23875 | D:12     | Noticed Nessos
 23878 | D:12     | Killed Nessos
 24165 | D:12     | Learned a level 8 spell: Ignition
 24546 | D:13     | Found Ungaskext's Vocational Training.
 24764 | D:13     | Found a gate to the Vaults.
 24804 | D:13     | Reached skill level 1 in Fire Magic
 24995 | D:13     | Identified the +1 helmet "Vafawnaq" {rC+ MP+9 Dex+3}
 25572 | Orc:1    | Entered Level 1 of the Orcish Mines
 25685 | D:12     | Bought a book of the Dragon for 588 gold pieces
 25693 | D:12     | Learned a level 5 spell: Fireball
 25805 | D:14     | Noticed Louise
 25818 | D:14     | Killed Louise
 26093 | D:14     | Noticed Rupert
 26100 | D:14     | Killed Rupert
 26532 | D:15     | Entered Level 15 of the Dungeon
 27860 | D:15     | Found a staircase to the Depths.
 27963 | Orc:2    | Entered Level 2 of the Orcish Mines
 28237 | Orc:2    | Found a staircase to the Elven Halls.
 28912 | Orc:2    | Found Sanaefikh's Antique Armour Boutique.
 29226 | Orc:2    | Found Byfanucli's Magic Scroll Boutique.
 29274 | Orc:2    | Bought a scroll of teleportation for 48 gold pieces
 29289 | Orc:2    | Gained mutation: You are mostly covered in razor-sharp
                  | scales. (AC +2, Slay +2) [demonic ancestry]
 29289 | Orc:2    | Reached XP level 16. HP: 131/131 MP: 32/32
 29311 | Orc:2    | Found Asujipin's Antique Armour Shop.
 29384 | Orc:2    | Found an ancient bone altar of Kikubaaqudgha.
 29501 | Orc:2    | Found Arghewuor's Book Shop.
 29756 | Orc:2    | Found a radiant altar of Vehumet.
 29761 | Orc:2    | Paralysed by an orc sorcerer for 3 turns
 29906 | Orc:2    | Found Uppyarphu's Jewellery Boutique.
 30330 | Orc:2    | Bought a book of the Earth for 396 gold pieces
 30344 | Orc:2    | Learned a level 6 spell: Bombard
 30353 | Orc:2    | Learned a level 7 spell: Spellforged Servitor
 30572 | Snake:1  | Entered Level 1 of the Snake Pit
 30648 | Snake:1  | Reached skill level 1 in Summonings
 30823 | Snake:1  | Reached skill level 5 in Fire Magic
 30923 | Snake:1  | Identified the +5 plate armour of Zigiept {Harm rElec
                  | Regen+ Slay+2}
 31688 | Snake:1  | Found Roatruix's Jewellery Shoppe.
 31688 | Snake:1  | Found Jopt's Book Shop.
 31689 | Snake:1  | Found Ziyjoju's Jewellery Shoppe.
 32079 | Snake:2  | Reached skill level 5 in Summonings
 32171 | Snake:2  | Noticed Frances
 32177 | Snake:2  | Killed Frances
 33885 | Snake:3  | Gained mutation: Your touch may irresistibly damage your
                  | foes and sap their willpower. [demonic ancestry]
 33885 | Snake:3  | Reached XP level 17. HP: 140/140 MP: 17/34
 35891 | Shoals:1 | Entered Level 1 of the Shoals
 36712 | Shoals:1 | Identified the serpent talisman "Puruihu" {Will+ Str+3}
 36712 | Shoals:1 | Noticed Aizul
 36716 | Shoals:1 | Killed Aizul
 36809 | Shoals:1 | Reached skill level 15 in Fighting
 36974 | Shoals:1 | Learned a level 5 spell: Lee's Rapid Deconstruction
 37315 | Shoals:2 | Reached skill level 10 in Summonings
 38265 | Shoals:2 | You fall into a shaft and drop 1 floor!
 38265 | Shoals:3 | Noticed Roxanne
 38798 | Shoals:3 | Noticed Ilsuiw
 38814 | Shoals:3 | Killed Ilsuiw
 38916 | Shoals:3 | Noticed a kraken
 38927 | Shoals:3 | Killed a kraken
 39112 | Shoals:3 | Reached XP level 18. HP: 150/150 MP: 36/36
 39435 | Shoals:4 | Entered Level 4 of the Shoals
 39436 | Shoals:4 | Noticed Bai Suzhen
 39472 | Shoals:3 | Killed Roxanne
 39482 | Shoals:3 | Reached skill level 10 in Earth Magic
 39822 | Shoals:3 | Killed Bai Suzhen
 40614 | Shoals:4 | Noticed Nikola
 40624 | Shoals:4 | Killed Nikola
 41597 | Shoals:4 | Reached skill level 15 in Spellcasting
 41835 | Shoals:4 | Found the +6 arbalest "Damnation" {damnation}
 42063 | Shoals:4 | Identified the staff of the Grinning Gods {rCorr Stlth+
                  | Conj Necro Tloc}
 42112 | Shoals:4 | Noticed Polyphemus
 42120 | Shoals:4 | Killed Polyphemus
 42160 | Shoals:4 | Got a barnacled rune of Zot
 42303 | Shoals:4 | Bought a bloodstained leather armour for 182 gold pieces
 42303 | Shoals:4 | Identified the +2 leather armour of the Wilderness {Rampage
                  | Will- Regen+ Str+4} (You bought it in a shop on level 4 of
                  | the Shoals)
 42303 | Shoals:4 | Bought an ichor-stained scale mail for 234 gold pieces
 42303 | Shoals:4 | Identified the +4 scale mail of Tyffai {*Corrode rC+ Int+3}
                  | (You bought it in a shop on level 4 of the Shoals)
 42477 | D:13     | Bought a manual of Evocations for 1280 gold pieces
 42670 | Snake:1  | Bought the ring of Beraed {Ice *Corrode rElec Will+ MP+9}
                  | for 694 gold pieces
 42724 | Snake:4  | Entered Level 4 of the Snake Pit
 42740 | Snake:4  | Reached skill level 1 in Evocations
 43573 | Snake:4  | Reached skill level 5 in Evocations
 43665 | Snake:4  | Gained mutation: Your hexes are more powerful. [demonic
                  | ancestry]
 43665 | Snake:4  | Reached XP level 19. HP: 152/159 MP: 33/38
 44050 | Snake:4  | Noticed Vashnia
 44064 | Snake:4  | Killed Vashnia
 44434 | Snake:4  | Got a serpentine rune of Zot
 44720 | Shoals:4 | Bought the amulet of Autumn {Rampage rF+ rN+ Regen+ Str+3}
                  | for 1090 gold pieces
 45129 | Vaults:1 | Entered Level 1 of the Vaults
 45374 | Vaults:1 | Identified the +2 scale mail of Protective Custody {Rampage
                  | +Blink rF+ MP+9}
 45730 | Depths:1 | Entered Level 1 of the Depths
 46072 | Depths:1 | Reached skill level 10 in Evocations
 46523 | Depths:2 | Noticed Vv
 46555 | Depths:2 | Killed Vv
 46923 | Depths:2 | Found a gateway to Hell.
 47769 | Depths:2 | Found a one-way gate leading to the halls of Pandemonium.
 48069 | Depths:1 | Noticed Asterion
 48075 | Depths:1 | Killed Asterion
 48083 | Depths:1 | Gained mutation: When hurt, damage is shared between your
                  | health and your magic reserves. [demonic ancestry]
 48083 | Depths:1 | Reached XP level 20. HP: 133/168 MP: 14/40
 48143 | Depths:2 | Acquired the staff "Poimaleil" {rC+ rCorr Int+3 Stlth- Fire
                  | Ice}
 48666 | Depths:1 | Found a runed translucent door.
 49905 | Depths:3 | Found a one-way gateway to a ziggurat.
 50226 | Depths:3 | Noticed a golden dragon
 50230 | Depths:3 | Noticed a golden dragon
 50237 | Depths:3 | Killed a golden dragon
 50246 | Depths:3 | Killed a golden dragon
 50252 | Depths:3 | Noticed a juggernaut
 50258 | Depths:3 | Killed a juggernaut
 50380 | Depths:3 | Noticed a caustic shrike
 50389 | Depths:3 | Killed a caustic shrike
 51659 | Depths:4 | Entered Level 4 of the Depths
 51896 | Depths:4 | Identified the +1 leather armour of Lethargy {Slay+3}
 52249 | Depths:4 | Noticed a golden dragon
 52258 | Depths:4 | Killed a golden dragon
 52663 | Depths:4 | Gained mutation: When low on magic, you restore magic in
                  | place of health. [demonic ancestry]
 52663 | Depths:4 | Reached XP level 21. HP: 180/180 MP: 34/42
 52671 | Depths:4 | Noticed a golden dragon
 52674 | Depths:4 | Killed a golden dragon
 53123 | Depths:4 | Found an iron altar of Okawaru.
 53234 | Depths:4 | Noticed a golden dragon
 53236 | Depths:4 | Killed a golden dragon
 53371 | Depths:4 | Found a gate to the Realm of Zot.
 53857 | Vaults:1 | Found Recwot's Jewellery Boutique.
 54211 | Vaults:1 | Paralysed by a formless jellyfish for 1 turns
 54310 | Vaults:1 | Reached skill level 10 in Fire Magic
 54912 | Vaults:2 | Found a staircase to the Crypt.
 56159 | Vaults:3 | Found a flickering gateway to a bazaar.
 56184 | Bazaar   | Entered a bazaar
 56184 | Bazaar   | Found Uletean's Magic Scroll Shoppe.
 56195 | Bazaar   | Found Wanass's Antique Armour Emporium.
 56197 | Bazaar   | Bought a scroll of teleportation for 36 gold pieces
 56197 | Bazaar   | Bought a scroll of fear for 48 gold pieces
 56197 | Bazaar   | Bought a scroll of fear for 48 gold pieces
 56204 | Bazaar   | Bought a pair of masterwork boots for 370 gold pieces
 56204 | Bazaar   | Identified the +2 pair of boots of the Bagpipe {Int+3} (You
                  | bought it in a shop in a bazaar)
 56219 | Bazaar   | Found Zalo Kos's Book Shoppe.
 56225 | Bazaar   | Bought a book of Armaments for 360 gold pieces
 56232 | Bazaar   | Found Dioteora's Distillery.
 56240 | Bazaar   | Bought a potion of heal wounds for 45 gold pieces
 56244 | Bazaar   | Bought a potion of enlightenment for 45 gold pieces
 56244 | Bazaar   | Bought a potion of enlightenment for 45 gold pieces
 56244 | Bazaar   | Bought a potion of invisibility for 72 gold pieces
 56244 | Bazaar   | Bought a potion of invisibility for 72 gold pieces
 56262 | Bazaar   | Bought a potion of cancellation for 72 gold pieces
 56262 | Bazaar   | Bought a potion of lignification for 27 gold pieces
 57375 | Vaults:3 | Gained mutation: Your melee attacks may debilitate your
                  | foes. [demonic ancestry]
 57375 | Vaults:3 | Reached XP level 22. HP: 190/190 MP: 29/43
 59555 | Vaults:4 | Found Byesyi's Jewellery Shoppe.
 59890 | Vaults:4 | Paralysed by a formless jellyfish for 1 turns
 60374 | Elf:1    | Entered Level 1 of the Elven Halls
 60764 | Elf:1    | Got the Directory of Damage
 60836 | Elf:1    | Paralysed by an air elemental for 1 turns
 61449 | Elf:2    | Paralysed by an air elemental for 1 turns
 61852 | Elf:1    | Found a shimmering blue altar of Sif Muna.
 61986 | Elf:2    | Found a runed translucent gate.
 62006 | Elf:2    | Found a runed translucent gate.
 62007 | Elf:2    | Found a runed translucent gate.
 62291 | Elf:3    | Entered Level 3 of the Elven Halls
 62704 | Elf:3    | Reached XP level 23. HP: 163/200 MP: 35/45
 63831 | Elf:3    | Identified the +8 orcbow "Imouq" {freeze, Will- Dex+7}
 63838 | Elf:3    | Found the +5 scythe "Finisher" {speed, execute}
 63845 | Elf:3    | Identified the staff "Zygg" {rN+ Int+3 Dex+2 Necro}
 63859 | Elf:3    | Identified the +5 arbalest "Jipn" {flame, Will+ MP+9 Str+5}
 63864 | Elf:3    | Identified the +0 ring mail of the Bagpipe {Harm rF+ Will++
                  | Str-2}
 63885 | Elf:3    | Got the Elucidation of the Dusty Torch
 63948 | Elf:3    | Identified the staff of Minuuh {rElec MP+9 Air}
 64002 | Elf:3    | Bought a scroll of teleportation for 90 gold pieces
 64341 | Crypt:1  | Entered Level 1 of the Crypt
 65575 | Crypt:2  | Noticed Sojobo
 65999 | Crypt:2  | Paralysed by an air elemental for 1 turns
 66002 | Crypt:2  | Paralysed by an air elemental for 1 turns
 66003 | Crypt:2  | Killed Sojobo
 66401 | Crypt:2  | Reached skill level 15 in Fire Magic
 66835 | Crypt:3  | Entered Level 3 of the Crypt
 66835 | Crypt:3  | Noticed Zenata
 66929 | Crypt:3  | Killed Zenata
 67182 | Crypt:3  | Found a staircase to the Tomb.
 68045 | Crypt:3  | Identified the ring "Konluregg" {rN+ Str-5 Int+3 Dex+6}
 68233 | Crypt:3  | Gained mutation: You are completely covered in razor-sharp
                  | scales. (AC +3, Slay +3) [demonic ancestry]
 68233 | Crypt:3  | Reached XP level 24. HP: 171/210 MP: 3/46
 69172 | Crypt:3  | Noticed Jory
 69469 | Crypt:3  | Killed Jory
 69689 | Crypt:3  | Identified the ring "Ummaetuy" {rPois rN+ Str+5 Int+3}
 69865 | Crypt:3  | Identified the ring "Niff" {rN+ Str+3}
 69949 | Crypt:3  | Found a basalt altar of Yredelemnul.
 70326 | Crypt:3  | Got Yruagham's Annotations on Shadows
 70571 | Vaults:5 | Entered Level 5 of the Vaults
 70956 | Vaults:5 | Noticed a dread lich
 70961 | Vaults:5 | Killed a dread lich
 71791 | Vaults:5 | Got a silver rune of Zot
 71807 | Vaults:5 | Identified the staff "Mienuw" {rElec rPois rF+ Str-3 Dex+3
                  | Fire}
 71937 | Vaults:5 | Identified the +0 plate armour of Peek-a-Boo {MP+9}
 72110 | Vaults:5 | Got the Volume of the Fair Folk and Degeneration
 72316 | Vaults:5 | Identified the +4 dagger of Zave {drain, rC+ Int+3}
 72761 | Vaults:5 | Identified the +10 rapier of Buyqen {distort, ^Contam rPois
                  | Str+8 Stlth+}
 72838 | Vaults:5 | Noticed an ancient lich
 72844 | Vaults:5 | Killed an ancient lich
 72967 | Vaults:5 | Identified the +5 ring mail "Lergh" {-Cast rF+ rCorr Str+6}
 72989 | Vaults:5 | Identified the +2 scale mail of Eternity {Str+2 Dex+4}
 73017 | Vaults:5 | Identified the ring "Guihe" {Wiz rC+ Str+2 Int+3 Stlth-}
 73151 | Vaults:5 | Reached XP level 25. HP: 219/219 MP: 17/46
 73744 | Zot:1    | Entered Level 1 of the Realm of Zot
 73958 | Zot:1    | Noticed an orb of fire
 73985 | Zot:1    | Gained mutation: Your magical capacity is low. (-10% MP)
                  | [an orb of fire]
 73997 | Zot:1    | Killed an orb of fire
 73998 | Zot:1    | Reached skill level 1 in Staves
 74397 | Zot:1    | Identified the dragon-blood talisman "Vipefuur" {rElec rC-
                  | rN+++ rCorr}
 74463 | Zot:1    | Reached skill level 5 in Armour
 75556 | Zot:2    | Noticed Parghit
 75563 | Zot:2    | Killed Parghit
 76584 | D:12     | You paid a toll of +9 gold dragon scales to enter a
                  | treasure trove
 76585 | Trove    | Entered a treasure trove
 76590 | Trove    | Found the +8 frozen axe "Frostbite" {freeze, freezing
                  | cloud, *Noise Fly rC+}
 76608 | Trove    | Identified the ring of the Charming Hero {+Blink rN+++
                  | Will+ Slay+3}
 77751 | Zot:3    | Reached skill level 10 in Dodging
 79400 | Zot:4    | Identified the +5 trident "Seonint" {drain, ^Contam *Rage
                  | Fly rCorr}
 79676 | Zot:4    | Reached skill level 5 in Staves
 79962 | Zot:4    | Noticed an orb of fire
 80239 | Zot:4    | Learned a level 9 spell: Fire Storm
 80278 | Zot:5    | Entered Level 5 of the Realm of Zot
 80454 | Zot:5    | Found a transporter.
 80458 | Zot:5    | Found a transporter.
 80538 | Zot:5    | Found a transporter.
 80743 | Zot:5    | Found a transporter.
 81061 | Zot:5    | Noticed an orb of fire
 81071 | Zot:5    | Killed an orb of fire
 81169 | Zot:5    | Noticed a dread lich
 81173 | Zot:5    | Killed a dread lich
 81286 | Zot:5    | Noticed an orb of fire
 81290 | Zot:5    | Gained mutation: You occasionally lose the ability to drink
                  | potions when taking damage. [an orb of fire]
 81334 | Zot:5    | Gained mutation: You sometimes lose your temper in combat.
                  | [an orb of fire]
 81341 | Zot:5    | Killed an orb of fire
 81383 | Zot:5    | Lost mutation: You occasionally lose the ability to drink
                  | potions when taking damage. [potion of mutation]
 81383 | Zot:5    | Lost mutation: You sometimes lose your temper in combat.
                  | [potion of mutation]
 81383 | Zot:5    | Lost mutation: Your magical capacity is low. (-10% MP)
                  | [potion of mutation]
 81383 | Zot:5    | Gained mutation: You are frail. (-10% HP) [potion of
                  | mutation]
 81383 | Zot:5    | Gained mutation: You are very frail. (-20% HP) [potion of
                  | mutation]
 81383 | Zot:5    | Gained mutation: Your system is resistant to poisons.
                  | (rPois) [potion of mutation]
 81478 | Zot:4    | Killed an orb of fire
 81691 | Hell     | Entered the Vestibule of Hell
 81691 | Hell     | Noticed Geryon
 81725 | Hell     | Noticed Murray
 82089 | Slime:1  | Entered Level 1 of the Pits of Slime
 82093 | Slime:1  | Gained mutation: You are surrounded by an aura of silence.
                  | [demonic ancestry]
 82093 | Slime:1  | Reached XP level 26. HP: 183/183 MP: 43/47
 83593 | Slime:4  | Paralysed by a formless jellyfish for 1 turns
 84041 | Slime:5  | Entered Level 5 of the Pits of Slime
 84065 | Slime:5  | Noticed the Royal Jelly
 84205 | Slime:2  | Gained mutation: You are clumsy. (Dex -2) [a shining eye]
 85058 | Slime:5  | Killed the Royal Jelly
 85215 | Slime:5  | Identified the +6 sling of the Crypt {heavy, Str-3 Int+4
                  | Stlth+}
 85404 | Slime:5  | Identified the +9 whip of the Onslaught {antimagic, *Rage
                  | Int+6 Dex-4 Stlth+}
 85417 | Slime:5  | Got a slimy rune of Zot
 85600 | Slime:5  | Identified the +4 plate armour of the Earth {*Slow rPois
                  | rCorr}
 86205 | Depths:2 | Killed Murray
 86429 | Hell     | Killed Geryon
 86551 | Hell     | Found a gateway to the Iron City of Dis.
 86573 | Hell     | Paralysed by a wendigo for 1 turns
 86773 | Hell     | Found a gateway to the freezing wastes of Cocytus.
 86876 | Hell     | Found a gateway to the decaying netherworld of Tartarus.
 87069 | Hell     | Found a gateway to the ashen valley of Gehenna.
 87763 | Coc:1    | Entered Level 1 of Cocytus
 87816 | Coc:1    | Paralysed by a wendigo for 1 turns
 89182 | Coc:4    | Paralysed by a wendigo for 1 turns
 89836 | Coc:5    | Reached XP level 27. HP: 190/190 MP: 40/48
 89857 | Coc:5    | Noticed a dread lich
 89870 | Coc:5    | Killed a dread lich
 90758 | Coc:7    | Entered Level 7 of Cocytus
 91516 | Coc:7    | Identified the staff "Jizxeas" {rPois rF+ Dex+3 Fire}
 91517 | Coc:7    | Identified the +2 broad axe "Lienk" {spect, *Rage rCorr
                  | Dex+7 Stlth+}
 91527 | Coc:7    | Identified the +3 ring mail of Anarchy {rElec rC+}
 91931 | Coc:7    | Noticed Antaeus
 91947 | Coc:7    | Killed Antaeus
 92011 | Coc:7    | Got an icy rune of Zot
 93440 | Pan      | Entered Pandemonium
 93837 | Pan      | Found a transporter.
 94032 | Pan      | Found an exit through the horrors of the Abyss.
 94595 | Pan      | Found a transporter.
 94884 | Pan      | Identified the ring "Ugelu" {rF- AC+4 Int+3 Dex+2}
 94898 | Pan      | Identified the amulet "Jiboidorph" {rN+ Regen+ Str+4}
 95226 | Pan      | Gained mutation: Your mind is acute. (Int +4, Str/Dex -1)
                  | [a neqoxec]
 95381 | Pan      | Noticed Zoig the pandemonium lord
 95405 | Pan      | Killed Zoig the pandemonium lord
 95416 | Pan      | Gained mutation: A frigid envelope surrounds you and
                  | freezes all who hurt you. [a neqoxec]
 95698 | Pan      | Got a demonic rune of Zot
 96919 | Pan      | Noticed Emeehis the pandemonium lord
 96936 | Pan      | Killed Emeehis the pandemonium lord
 97424 | Pan      | Found an exit through the horrors of the Abyss.
 98886 | Pan      | Noticed Ceuzurph the pandemonium lord
 98887 | Pan      | Killed Ceuzurph the pandemonium lord
 98986 | Pan      | Found an exit through the horrors of the Abyss.
 99936 | Pan      | Killed Qinuataro the pandemonium lord
100615 | Pan      | Found an exit through the horrors of the Abyss.
101087 | Pan      | Reached skill level 10 in Stealth
101414 | Pan      | Acquired the +1 pair of boots "Wimm" {rN+++ Will++ Int+3
                  | Dex-3}
102363 | Pan      | Noticed Zofaaps the pandemonium lord
102370 | Pan      | Killed Zofaaps the pandemonium lord
102867 | Depths:2 | Escaped Pandemonium
103055 | D:12     | Bought a manual of Shields for 1440 gold pieces
103208 | Tar:1    | Entered Level 1 of Tartarus
104110 | Tar:4    | Noticed an ancient lich
104122 | Tar:4    | Killed an ancient lich
104876 | Tar:5    | Reached skill level 10 in Shields
105510 | Tar:7    | Entered Level 7 of Tartarus
105735 | Tar:7    | Noticed Ereshkigal
105735 | Tar:7    | Paralysed by Ereshkigal for 4 turns
106558 | Tar:7    | Noticed the Serpent of Hell
106579 | Tar:7    | Killed the Serpent of Hell
107072 | Tar:7    | Identified the +3 war axe of Loxixen {antimagic, rElec
                  | Str-3 Dex+2}
107116 | Tar:7    | Identified the +1 executioner's axe "Suffob" {chaos, rF+
                  | rCorr Dex-2}
107188 | Tar:7    | Killed Ereshkigal
107252 | Tar:7    | Got a bone rune of Zot
107517 | Tar:7    | Noticed a dread lich
107517 | Tar:7    | Noticed a dread lich
107518 | Tar:7    | Paralysed by a dread lich for 3 turns
107522 | Tar:7    | Noticed a dread lich
107523 | Tar:7    | Killed a dread lich
107523 | Tar:7    | Killed a dread lich
107531 | Tar:7    | Killed a dread lich
107814 | Tar:7    | Identified the amulet of Eruane {RegenMP ^Fragile Int+4}
107819 | Tar:7    | Identified the ring of Haseas {+Blink rC+ MP-9 Str+3}
107822 | Tar:7    | Identified the +0 scale mail "Itsaur" {*Corrode Will++}
107824 | Tar:7    | Identified the staff of Fresh Judgement {rElec rC+++ rN+
                  | Int-3 Conj}
107970 | Tar:7    | Identified the ring of the Catamount {rF+ rC+ Str+6}
107972 | Tar:7    | Identified the ring of Gukk {rF+ rC+ rN+}
108024 | Tar:7    | Identified the +3 arbalest of the Empty Page {heavy, ^Drain
                  | rElec rF++ rCorr}
108025 | Tar:7    | Identified the +5 battleaxe of the Firefly {speed, rC+}
108177 | Pan      | Entered Pandemonium
108182 | Pan      | Identified the +3 buckler of Polytheism {*Corrode rElec
                  | rF++ Dex+2}
108210 | Pan      | Noticed Jazeod the pandemonium lord
108212 | Pan      | Killed Jazeod the pandemonium lord
109778 | Pan      | Noticed Ishrelou the pandemonium lord
109781 | Pan      | Killed Ishrelou the pandemonium lord
110368 | Depths:2 | Escaped Pandemonium
110424 | Hell     | Bought a ring of the Octopus King {HP+2 AC+2 EV+2 SH+2
                  | SInv} for 925 gold pieces
110424 | Hell     | Found the ring of the Octopus King {HP+2 AC+2 EV+2 SH+2
                  | SInv}
110573 | D:13     | Bought the quicksilver dragon scales "Puamuxum" {Rampage
                  | Will+} for 1206 gold pieces
110754 | Depths:2 | Upgraded the game from 0.31.0-2-g5a2aebc5c2 to
                  | 0.31.0-4-g52a2dc7128
110755 | Pan      | Entered the realm of Gloorx Vloq.
110755 | Pan      | Entered Pandemonium
110761 | Pan      | Noticed Gloorx Vloq
111159 | Pan      | Found an exit through the horrors of the Abyss.
112147 | Pan      | Learned a level 8 spell: Lehudib's Crystal Spear
113113 | Pan      | Reached skill level 15 in Shields
113547 | Pan      | Killed Gloorx Vloq
113548 | Pan      | Reached skill level 27 in Fighting
113667 | Pan      | Got a dark rune of Zot
113965 | Pan      | Entered the realm of Lom Lobon.
113965 | Pan      | Noticed Lom Lobon
115213 | Pan      | Reached skill level 10 in Armour
115530 | Pan      | Killed Lom Lobon
115605 | Pan      | Got a magical rune of Zot
117104 | Pan      | Found an exit through the horrors of the Abyss.
117234 | Pan      | Noticed Onge the pandemonium lord
117239 | Pan      | Killed Onge the pandemonium lord
117586 | Pan      | Entered the realm of Cerebov.
117897 | Pan      | Identified the +0 helmet "Ucsaem" {Rampage}
118783 | Pan      | Identified the ring of Tybifuin {Fly rF+ Str+5} (You took
                  | it off an efreet in Pandemonium)
118946 | Pan      | Found the +6 sword of Cerebov {flame}
118946 | Pan      | Noticed Cerebov
119690 | Pan      | Identified the ring of Disaster {Fire rPois rCorr Slay+5
                  | Stlth-}
119721 | Pan      | Got the Secrets of the Charming Iceberg
119970 | Pan      | Identified the staff of Ryseetz {rC+ Int+2 Ice}
120020 | Pan      | Killed Cerebov
120159 | Pan      | Identified the +0 chain mail of a Gauntlet {^Drain +Blink
                  | rElec Dex+5}
120419 | Pan      | Got a fiery rune of Zot
120462 | Pan      | Learned a level 9 spell: Shatter
121158 | Pan      | Noticed Ugocs the pandemonium lord
121163 | Pan      | Killed Ugocs the pandemonium lord
121817 | Pan      | Found an exit through the horrors of the Abyss.
122327 | Pan      | Entered the realm of Mnoleg.
122336 | Pan      | Noticed Mnoleg
122466 | Pan      | Reached skill level 15 in Dodging
122881 | Pan      | Found an exit through the horrors of the Abyss.
123006 | Pan      | Reached skill level 15 in Armour
123214 | Pan      | Killed Mnoleg
123237 | Pan      | Reached skill level 15 in Stealth
123573 | Pan      | Lost mutation: Your system is resistant to poisons. (rPois)
                  | [a cacodemon]
124537 | Pan      | Reached skill level 15 in Earth Magic
124711 | Pan      | Got a glowing rune of Zot
125069 | Pan      | Noticed Bytwuula the pandemonium lord
125072 | Pan      | Killed Bytwuula the pandemonium lord
125430 | Pan      | Found an exit through the horrors of the Abyss.
125944 | Pan      | Gained mutation: You occasionally shout uncontrollably at
                  | your foes. [a cacodemon]
125949 | Pan      | Noticed Pyzuskol the pandemonium lord
125958 | Pan      | Killed Pyzuskol the pandemonium lord
126850 | Pan      | Found an exit through the horrors of the Abyss.
127015 | Pan      | Found an exit through the horrors of the Abyss.
127234 | Depths:2 | Escaped Pandemonium
127338 | Depths:4 | Voluntarily entered the Abyss.
127453 | Abyss:1  | Found a corrupted altar of Lugonu.
127664 | Abyss:1  | Found a corrupted altar of Lugonu.
127982 | Depths:4 | Escaped the Abyss
128185 | Depths:4 | Voluntarily entered the Abyss.
128254 | Abyss:1  | Found a runed translucent gate.
128255 | Abyss:1  | Found a runed translucent gate.
128340 | Abyss:3  | Found a corrupted altar of Lugonu.
128546 | Abyss:3  | Found a corrupted altar of Lugonu.
128705 | Abyss:3  | Noticed a juggernaut
128707 | Abyss:3  | Killed a juggernaut
128710 | Abyss:3  | Got an abyssal rune of Zot
128769 | Depths:4 | Escaped the Abyss
128909 | Pan      | Entered Pandemonium
129087 | Pan      | Found an exit through the horrors of the Abyss.
129676 | Pan      | Noticed Civip the pandemonium lord
129680 | Pan      | Killed Civip the pandemonium lord
130197 | Pan      | Reached skill level 27 in Spellcasting
131130 | Pan      | Identified the +0 pair of boots "Dotaux" {Str+3}
131244 | Pan      | Found an exit through the horrors of the Abyss.
131382 | Pan      | Found a runed translucent door.
131632 | Pan      | Noticed Engil the pandemonium lord
131635 | Pan      | Killed Engil the pandemonium lord
131748 | Depths:2 | Escaped Pandemonium
131804 | Hell     | Bought a talisman of death for 1440 gold pieces
132116 | Vaults:4 | Bought ancient ice dragon scales for 1885 gold pieces
132116 | Vaults:4 | Identified the +0 ice dragon scales of Lachrymose Curiosity
                  | {*Corrode rF- rC++ Will- Regen+ Slay+4} (You bought it in a
                  | shop on level 4 of the Vaults)
132118 | Vaults:4 | Bought a scroll of blinking for 157 gold pieces
132458 | Pan      | Entered Pandemonium
132619 | Pan      | Reached skill level 1 in Shapeshifting
132628 | Pan      | Noticed Sotrueph the pandemonium lord
132631 | Pan      | Killed Sotrueph the pandemonium lord
133972 | Pan      | Noticed Lebrasop the pandemonium lord
133976 | Pan      | Killed Lebrasop the pandemonium lord
134338 | Pan      | Found an exit through the horrors of the Abyss.
134979 | Pan      | Got the Enchiridion on Combative Exhalation
134984 | Pan      | Reached skill level 5 in Shapeshifting
135102 | Pan      | Found a transporter.
135116 | Pan      | Found an exit through the horrors of the Abyss.
135313 | Pan      | Found a transporter.
135921 | Pan      | Identified the ring of Yreziapi {rPois rN+++ MP+9 Str-4
                  | Slay+3}
136045 | Pan      | Identified the ring "Dumoumyd" {rC+ rN+ Int+2}
136104 | Pan      | Acquired 843 gold pieces
136260 | Pan      | Found an exit through the horrors of the Abyss.
136279 | Pan      | Noticed Lepsi the pandemonium lord
136285 | Pan      | Killed Lepsi the pandemonium lord
138000 | Pan      | Noticed Mengauko the pandemonium lord
138003 | Pan      | Killed Mengauko the pandemonium lord
138569 | Pan      | Found a runed translucent door.
139134 | Pan      | Noticed Reqok the pandemonium lord
139136 | Pan      | Killed Reqok the pandemonium lord
139307 | Pan      | Identified the +6 halberd "Keci" {flame, Str+3}
140862 | Pan      | Reached skill level 10 in Shapeshifting
140983 | Pan      | Noticed Gymiupos the pandemonium lord
141034 | Pan      | Killed Gymiupos the pandemonium lord
141488 | Pan      | Found an exit through the horrors of the Abyss.
141808 | Pan      | Noticed Ururuc the pandemonium lord
141810 | Pan      | Killed Ururuc the pandemonium lord
142236 | Pan      | Found an exit through the horrors of the Abyss.
143178 | Pan      | Found an exit through the horrors of the Abyss.
143243 | Pan      | Noticed Pyong the pandemonium lord
143249 | Pan      | Killed Pyong the pandemonium lord
144377 | Pan      | Learned a level 9 spell: Chain Lightning
144383 | Depths:2 | Escaped Pandemonium
144459 | Pan      | Entered Pandemonium
144538 | Pan      | Found an exit through the horrors of the Abyss.
144538 | Pan      | Found a transporter.
144566 | Pan      | Identified the ring of Xuir Zui {Fire Str+4}
144678 | Pan      | Found a transporter.
146066 | Pan      | Identified the +1 pair of boots of Zenuejut {+Blink rCorr
                  | Str+4}
146324 | Pan      | Noticed Imuejiyw the pandemonium lord
146327 | Pan      | Killed Imuejiyw the pandemonium lord
146567 | Pan      | Reached skill level 15 in Shapeshifting
147210 | Pan      | Lost mutation: You occasionally shout uncontrollably at
                  | your foes. [potion of mutation]
147210 | Pan      | Lost mutation: A frigid envelope surrounds you and freezes
                  | all who hurt you. [potion of mutation]
147210 | Pan      | Gained mutation: Your system is resistant to poisons.
                  | (rPois) [potion of mutation]
147211 | Pan      | Lost mutation: You are clumsy. (Dex -2) [potion of
                  | mutation]
147211 | Pan      | Lost mutation: You are very frail. (-20% HP) [potion of
                  | mutation]
147211 | Pan      | Gained mutation: You are somewhat resistant to further
                  | mutation. [potion of mutation]
147355 | Pan      | Noticed Fyunuiwn the pandemonium lord
147363 | Pan      | Killed Fyunuiwn the pandemonium lord
148521 | Pan      | Noticed Sienla the pandemonium lord
148523 | Pan      | Killed Sienla the pandemonium lord
149078 | Pan      | Found an exit through the horrors of the Abyss.
150262 | Pan      | Noticed Onipn the pandemonium lord
150266 | Pan      | Killed Onipn the pandemonium lord
150473 | Pan      | Found an exit through the horrors of the Abyss.
150997 | Pan      | Noticed Cueperog the pandemonium lord
151009 | Pan      | Killed Cueperog the pandemonium lord
151802 | Pan      | Found an exit through the horrors of the Abyss.
152337 | Pan      | Noticed Woes the pandemonium lord
152340 | Pan      | Killed Woes the pandemonium lord
152852 | Pan      | Found an exit through the horrors of the Abyss.
153773 | Pan      | Noticed Mennas
153775 | Pan      | Killed Mennas
154146 | Pan      | Noticed Mawicit the pandemonium lord
154151 | Pan      | Killed Mawicit the pandemonium lord
154875 | Pan      | Found an exit through the horrors of the Abyss.
154952 | Pan      | Noticed Licruarr the pandemonium lord
154955 | Pan      | Killed Licruarr the pandemonium lord
156107 | Pan      | Noticed Amonk the pandemonium lord
156121 | Pan      | Killed Amonk the pandemonium lord
157365 | Pan      | Noticed Osaddiargh the pandemonium lord
157384 | Pan      | Killed Osaddiargh the pandemonium lord
157474 | Pan      | Noticed Ryocaqiw the pandemonium lord
157477 | Pan      | Killed Ryocaqiw the pandemonium lord
158992 | Depths:2 | Escaped Pandemonium
159024 | Depths:2 | Lost mutation: Your system is resistant to poisons. (rPois)
                  | [potion of mutation]
159024 | Depths:2 | Lost mutation: You are somewhat resistant to further
                  | mutation. [potion of mutation]
159024 | Depths:2 | Lost mutation: You are frail. (-10% HP) [potion of
                  | mutation]
159024 | Depths:2 | Gained mutation: Your spells are a little easier to cast,
                  | but a little less powerful. [potion of mutation]
159024 | Depths:2 | Gained mutation: You possess an exceptional clarity of
                  | mind. [potion of mutation]
159025 | Depths:2 | Lost mutation: Your spells are a little easier to cast, but
                  | a little less powerful. [potion of mutation]
159025 | Depths:2 | Lost mutation: You possess an exceptional clarity of mind.
                  | [potion of mutation]
159025 | Depths:2 | Lost mutation: Your mind is acute. (Int +4, Str/Dex -1)
                  | [potion of mutation]
159025 | Depths:2 | Gained mutation: Your spells are a little harder to cast,
                  | but a little more powerful. [potion of mutation]
159025 | Depths:2 | Gained mutation: You have hidden genetic defects. [potion
                  | of mutation]
159025 | Depths:2 | Gained mutation: Your flesh is cold resistant. (rC+)
                  | [potion of mutation]
159025 | Depths:2 | Gained mutation: Your muscles are strong. (Str +4, Int/Dex
                  | -1) [potion of mutation]
159026 | Depths:2 | Lost mutation: Your spells are a little harder to cast, but
                  | a little more powerful. [potion of mutation]
159026 | Depths:2 | Lost mutation: You have hidden genetic defects. [potion of
                  | mutation]
159026 | Depths:2 | Lost mutation: Your muscles are strong. (Str +4, Int/Dex
                  | -1) [potion of mutation]
159026 | Depths:2 | Gained mutation: You are clumsy. (Dex -2) [potion of
                  | mutation]
159026 | Depths:2 | Gained mutation: You have sharp toenails. [potion of
                  | mutation]
159027 | Depths:2 | Lost mutation: You are clumsy. (Dex -2) [potion of
                  | mutation]
159027 | Depths:2 | Lost mutation: You have sharp toenails. [potion of
                  | mutation]
159027 | Depths:2 | Gained mutation: Your flesh is heat resistant. (rF+)
                  | [potion of mutation]
159027 | Depths:2 | Gained mutation: You are covered in fur. (AC +1) [potion of
                  | mutation]
159028 | Depths:2 | Lost mutation: Your flesh is cold resistant. (rC+) [potion
                  | of mutation]
159028 | Depths:2 | Lost mutation: Your flesh is heat resistant. (rF+) [potion
                  | of mutation]
159028 | Depths:2 | Lost mutation: You are covered in fur. (AC +1) [potion of
                  | mutation]
159028 | Depths:2 | Gained mutation: Your mind is acute. (Int +4, Str/Dex -1)
                  | [potion of mutation]
159029 | Depths:2 | Lost mutation: Your mind is acute. (Int +4, Str/Dex -1)
                  | [potion of mutation]
159029 | Depths:2 | Gained mutation: You have large cloven feet. [potion of
                  | mutation]
159029 | Depths:2 | Gained mutation: You have hidden genetic potential. [potion
                  | of mutation]
159029 | Depths:2 | Gained mutation: You have great hidden genetic potential.
                  | [potion of mutation]
159029 | Depths:2 | Gained mutation: You are robust. (+10% HP) [potion of
                  | mutation]
159042 | Pan      | Entered Pandemonium
159617 | Pan      | Noticed Tuolawn the pandemonium lord
159627 | Pan      | Killed Tuolawn the pandemonium lord
159992 | Pan      | Identified the orb of Ashenzari's Favour {*channel, MP-9
                  | Str+5 Air}
160456 | Pan      | Noticed Kiby the pandemonium lord
160460 | Pan      | Killed Kiby the pandemonium lord
160503 | Pan      | Found an exit through the horrors of the Abyss.
161160 | Pan      | Noticed Naolocw the pandemonium lord
161166 | Pan      | Killed Naolocw the pandemonium lord
161627 | Pan      | Found an exit through the horrors of the Abyss.
161828 | Pan      | Identified the staff of the Unbearable God {Fly Str+4 Dex+3
                  | Stlth- Conj}
162575 | Pan      | Noticed Tinian the pandemonium lord
162578 | Pan      | Killed Tinian the pandemonium lord
162755 | Pan      | Found an exit through the horrors of the Abyss.
163482 | Pan      | Acquired the +2 tower shield of Rad Miow {Int+5 Dex+3}
163783 | Pan      | Noticed Teanwul the pandemonium lord
163786 | Pan      | Killed Teanwul the pandemonium lord
164051 | Pan      | Found an exit through the horrors of the Abyss.
165104 | Pan      | Noticed Otiof the pandemonium lord
165108 | Pan      | Killed Otiof the pandemonium lord
165124 | Pan      | Gained mutation: Your system is resistant to poisons.
                  | (rPois) [hidden potential]
165592 | Pan      | Found an exit through the horrors of the Abyss.
166328 | Depths:2 | Escaped Pandemonium
166360 | Pan      | Entered Pandemonium
166602 | Pan      | Identified the staff of the Traitor {+Blink rElec Will+
                  | Int-2 Hexes Air}
166654 | Pan      | Noticed Gerphonic the pandemonium lord
166656 | Pan      | Killed Gerphonic the pandemonium lord
167133 | Pan      | Identified the +6 plate armour of the Lion {rElec rF- Str+2
                  | Slay+3}
167825 | Pan      | Found an exit through the horrors of the Abyss.
168130 | Pan      | Noticed Raba the pandemonium lord
168133 | Pan      | Killed Raba the pandemonium lord
169353 | Pan      | Noticed Haege the pandemonium lord
169359 | Pan      | Killed Haege the pandemonium lord
170127 | Pan      | Found an exit through the horrors of the Abyss.
170319 | Depths:2 | Escaped Pandemonium
170341 | Depths:2 | Lost mutation: You have great hidden genetic potential.
                  | [potion of mutation]
170341 | Depths:2 | Lost mutation: Your system is resistant to poisons. (rPois)
                  | [potion of mutation]
170341 | Depths:2 | Lost mutation: You are robust. (+10% HP) [potion of
                  | mutation]
170341 | Depths:2 | Gained mutation: Your spells are a little easier to cast,
                  | but a little less powerful. [potion of mutation]
170342 | Depths:2 | Lost mutation: Your spells are a little easier to cast, but
                  | a little less powerful. [potion of mutation]
170342 | Depths:2 | Lost mutation: You have large cloven feet. [potion of
                  | mutation]
170342 | Depths:2 | Lost mutation: You have hidden genetic potential. [potion
                  | of mutation]
170342 | Depths:2 | Gained mutation: You are weak. (Str -2) [potion of
                  | mutation]
170342 | Depths:2 | Gained mutation: You are clumsy. (Dex -2) [potion of
                  | mutation]
170342 | Depths:2 | Gained mutation: You have a pair of small antennae on your
                  | head. [potion of mutation]
170342 | Depths:2 | Gained mutation: Your system is resistant to poisons.
                  | (rPois) [potion of mutation]
170343 | Depths:2 | Lost mutation: You are weak. (Str -2) [potion of mutation]
170343 | Depths:2 | Lost mutation: You have a pair of small antennae on your
                  | head. [potion of mutation]
170343 | Depths:2 | Gained mutation: You are robust. (+10% HP) [potion of
                  | mutation]
170348 | Depths:2 | Lost mutation: You are robust. (+10% HP) [potion of
                  | mutation]
170348 | Depths:2 | Lost mutation: Your system is resistant to poisons. (rPois)
                  | [potion of mutation]
170348 | Depths:2 | Lost mutation: You are clumsy. (Dex -2) [potion of
                  | mutation]
170348 | Depths:2 | Gained mutation: Your system is resistant to poisons.
                  | (rPois) [potion of mutation]
170348 | Depths:2 | Gained mutation: You are vulnerable to cold. (rC-) [potion
                  | of mutation]
170348 | Depths:2 | Gained mutation: You have a pair of small horns on your
                  | head. [potion of mutation]
170348 | Depths:2 | Gained mutation: You have an increased reservoir of magic.
                  | (+10% MP) [potion of mutation]
170349 | Depths:2 | Lost mutation: You are vulnerable to cold. (rC-) [potion of
                  | mutation]
170349 | Depths:2 | Lost mutation: Your system is resistant to poisons. (rPois)
                  | [potion of mutation]
170349 | Depths:2 | Lost mutation: You have a pair of small horns on your head.
                  | [potion of mutation]
170349 | Depths:2 | Lost mutation: You have an increased reservoir of magic.
                  | (+10% MP) [potion of mutation]
170349 | Depths:2 | Gained mutation: Your muscles are strong. (Str +4, Int/Dex
                  | -1) [potion of mutation]
170886 | Pan      | Entered Pandemonium
171565 | Pan      | Noticed Xoneno the pandemonium lord
171567 | Pan      | Killed Xoneno the pandemonium lord
172036 | Pan      | Reached skill level 15 in Evocations
172652 | Pan      | Reached skill level 27 in Fire Magic
172887 | Pan      | Identified the +0 buckler "Orumufal" {Rampage rN+++ Regen+
                  | Str-5}
173046 | Pan      | Noticed Roxtome the pandemonium lord
173051 | Pan      | Killed Roxtome the pandemonium lord
173299 | Pan      | Found an exit through the horrors of the Abyss.
174113 | Depths:2 | Escaped Pandemonium
174337 | D:11     | Killed TheBioAlchemist's ghost
174590 | Dis:1    | Entered Level 1 of the Iron City of Dis
174592 | Dis:1    | Reached skill level 10 in Staves
174747 | Dis:1    | You fall into a shaft and drop 1 floor!
175200 | Dis:3    | Noticed a dread lich
175202 | Dis:3    | Killed a dread lich
175456 | Dis:4    | Reached skill level 5 in Throwing
176067 | Dis:6    | Reached skill level 10 in Throwing
176463 | Dis:7    | Entered Level 7 of the Iron City of Dis
177863 | Dis:7    | Noticed a juggernaut
177866 | Dis:7    | Killed a juggernaut
178259 | Dis:7    | Noticed a juggernaut
178263 | Dis:7    | Killed a juggernaut
179269 | Dis:7    | Identified the +11 war axe of Subterfuge {speed, rC+}
179271 | Dis:7    | Identified the ring "Race" {Ice rPois rN+++ Dex+2 Stlth-}
179280 | Dis:7    | Identified the +4 war axe of the Scorching Wasp {freeze,
                  | rF+ rC++ Will-}
179616 | Dis:7    | Noticed Dispater
179673 | Dis:7    | Killed Dispater
179740 | Dis:7    | Identified the +7 shortbow of the Doomed Warrior {elec,
                  | Dex+3}
179751 | Dis:7    | Got an iron rune of Zot
179759 | Dis:7    | Identified the +7 rapier of the Whelk {protect, rF- Int+4}
179879 | Geh:1    | Entered Level 1 of Gehenna
179880 | Geh:1    | Noticed an ancient lich
179881 | Geh:1    | Killed an ancient lich
180504 | Geh:2    | You fall into a shaft and drop 2 floors!
181529 | Geh:7    | Entered Level 7 of Gehenna
182598 | Geh:7    | Identified the +6 war axe of Ashenzari's Pride {flame,
                  | rPois Dex+2}
182871 | Geh:7    | Got the Volume of the Blizzard and the Crypt
183051 | Geh:7    | Found the +13 sceptre of Asmodeus
183051 | Geh:7    | Noticed Asmodeus
183121 | Geh:7    | Killed Asmodeus
183245 | Geh:7    | Got an obsidian rune of Zot
183587 | Zig:1    | Entered Level 1 of a ziggurat
183598 | Zig:2    | Entered Level 2 of a ziggurat
183640 | Zig:3    | Entered Level 3 of a ziggurat
183679 | Zig:3    | Identified the +6 dire flail "Demonbane" {freeze, rElec
                  | Str+7 Int+2 Dex-2}
183694 | Zig:4    | Entered Level 4 of a ziggurat
183698 | Zig:4    | Reached skill level 1 in Air Magic
183737 | Zig:4    | Identified the +1 leather armour of a sewer {Int+3}
183750 | Zig:5    | Entered Level 5 of a ziggurat
183773 | Zig:5    | Identified the ring of the Swan {^Drain rPois rF- EV+5
                  | Slay+6}
183792 | Zig:6    | Entered Level 6 of a ziggurat
183844 | Zig:7    | Entered Level 7 of a ziggurat
183874 | Zig:7    | Identified the +7 triple sword of Evil {venom, rC++ Dex+2}
183927 | Zig:8    | Entered Level 8 of a ziggurat
183965 | Zig:8    | Identified the +5 scale mail "Latojopt" {rCorr Str+2 SInv}
183966 | Zig:8    | Identified the staff "Paddal" {rPois Earth}
183976 | Zig:8    | Identified the +1 great sword of Generosity {flame, rCorr
                  | Int+5 Stlth-}
184005 | Zig:9    | Entered Level 9 of a ziggurat
184132 | Zig:10   | Entered Level 10 of a ziggurat
184173 | Zig:10   | Found the +7 mace of Variability {chaos, chaos arc}
184198 | Zig:10   | Identified the +8 spear "Xura" {venom, rElec Str-2 Dex+3}
184256 | Zig:11   | Entered Level 11 of a ziggurat
184267 | Zig:11   | Noticed an ancient lich
184272 | Zig:11   | Killed an ancient lich
184273 | Zig:11   | Noticed a dread lich
184273 | Zig:11   | Noticed a dread lich
184275 | Zig:11   | Killed a dread lich
184276 | Zig:11   | Reached skill level 27 in Earth Magic
184279 | Zig:11   | Killed a dread lich
184361 | Zig:11   | Identified the staff "Axtis" {rPois Dex+3 Alchemy}
184414 | Zig:12   | Entered Level 12 of a ziggurat
184424 | Zig:12   | Noticed Mozolan the pandemonium lord
184425 | Zig:12   | Killed Mozolan the pandemonium lord
184485 | Zig:12   | Identified the +7 lajatang "Uwadavadgh" {freeze, rPois}
184492 | Zig:12   | Got Peimuop's Hermetics, Part Four
184495 | Zig:12   | Identified the +6 arbalest "Jaetimm" {penet, rElec Int+6
                  | Dex-2}
184496 | Zig:12   | Identified the +5 glaive of the Inferno {freeze, Will-
                  | Str+3 Int+2}
184554 | Zig:13   | Entered Level 13 of a ziggurat
184563 | Zig:13   | Noticed an ancient lich
184566 | Zig:13   | Killed an ancient lich
184670 | Zig:13   | Identified the +10 plate armour of the Game of Kings {rElec
                  | rC+++ Dex-2 Stlth-}
184677 | Zig:13   | Got Xemorphi's Essays on the Volcano and Nephomancy
184694 | Zig:13   | Identified the staff "Buvuso" {rF+ rCorr Str+3 Stlth- Fire}
184733 | Zig:14   | Entered Level 14 of a ziggurat
184749 | Zig:14   | Reached skill level 5 in Air Magic
184806 | Zig:14   | Identified the +7 dire flail "Impslayer" {vamp, Int+2}
184876 | Zig:15   | Entered Level 15 of a ziggurat
184941 | Zig:15   | Found the +3 greatsling "Punk" {acid, rCorr}
184963 | Zig:15   | Identified the +3 great sword "Roarphui" {pain, rC- Str+4
                  | Dex+3}
184965 | Zig:15   | Identified the +3 eveningstar of the Hidden Quests {flame,
                  | rN+}
184973 | Zig:15   | Identified the +5 morningstar "Rorhi" {pain, *Corrode Fly
                  | rN+++ Dex+3}
184975 | Zig:15   | Identified the +0 arbalest of Dierhask {penet, rElec rPois
                  | rN+ Str+3}
185084 | Zig:16   | Entered Level 16 of a ziggurat
185096 | Zig:16   | Found the +10 morningstar "Eos" {elec, Halo rElec}
185204 | Zig:16   | Identified the +5 chain mail "Cionk" {rElec Will+}
185224 | Zig:16   | Identified the +3 great sword of the Aged Souls {elec, rN+
                  | Str+3}
185312 | Zig:17   | Entered Level 17 of a ziggurat
185324 | Zig:17   | Noticed a dread lich
185325 | Zig:17   | Noticed a dread lich
185326 | Zig:17   | Noticed a dread lich
185327 | Zig:17   | Noticed an ancient lich
185328 | Zig:17   | Killed a dread lich
185329 | Zig:17   | Killed a dread lich
185329 | Zig:17   | Killed an ancient lich
185330 | Zig:17   | Killed a dread lich
185406 | Zig:17   | Found the +8 autumn katana {manifold assault}
185424 | Zig:17   | Identified the +2 war axe "Luschomm" {flame, *Corrode Str+2
                  | Dex+3 SInv}
185444 | Zig:17   | Identified the +6 glaive "Katuifua" {pain, Will+ Int-4
                  | Dex+4}
185450 | Zig:17   | Identified the +3 halberd of Afeduz {drain, rC+ SInv}
185560 | Zig:17   | Acquired a manual of Axes
185572 | Zig:18   | Entered Level 18 of a ziggurat
185705 | Zig:18   | Identified the +6 orcbow "Camidoe" {heavy, Fly rN+++ Str-4
                  | Stlth-}
185715 | Zig:18   | Identified the +3 morningstar "Hoygeure" {flame, rPois}
185733 | Zig:18   | Got Jeotafai's Vellum of Posthumous Incineration
185844 | Zig:19   | Entered Level 19 of a ziggurat
185853 | Zig:19   | Noticed a dread lich
185853 | Zig:19   | Noticed a dread lich
185854 | Zig:19   | Killed a dread lich
185856 | Zig:19   | Noticed a dread lich
185858 | Zig:19   | Killed a dread lich
185858 | Zig:19   | Killed a dread lich
185858 | Zig:19   | Noticed a dread lich
185860 | Zig:19   | Killed a dread lich
185861 | Zig:19   | Noticed an ancient lich
185864 | Zig:19   | Killed an ancient lich
185979 | Zig:19   | Identified the +8 orcbow of the Swamp {heavy, rCorr}
185993 | Zig:19   | Identified the ring "Tirerayg" {rElec rN+ rCorr Int-3
                  | Dex-5}
185996 | Zig:19   | Identified the ring "Buaf" {Dex+2 SInv}
186080 | Zig:20   | Entered Level 20 of a ziggurat
186247 | Zig:20   | Identified the +3 quarterstaff of the Lurker {protect,
                  | Str+4 Int-4}
186250 | Zig:20   | Identified the storm talisman of Activism {rC+ Will+ Str+3
                  | Int+3}
186263 | Zig:20   | Identified the +1 shortbow "Spiderbane" {freeze, Dex+4}
186264 | Zig:20   | Identified the +7 battleaxe "Cijethro" {flame, Str+5 Dex-5
                  | SInv}
186265 | Zig:20   | Identified the ring "Neatyck" {Str+5 SInv}
186353 | Zig:21   | Entered Level 21 of a ziggurat
186538 | Zig:21   | Found the +4 consecrated labrys {holy, Valiant ^Fragile Fly
                  | SInv}
186542 | Zig:21   | Found the +12 glaive of Prune {freeze, Prune}
186572 | Zig:21   | Got the Compilation of Discontinuous Conflict
186584 | Zig:21   | Identified the +1 spear of Ointment {flame, ^Drain +Blink
                  | Int+5}
186585 | Zig:21   | Identified the amulet "Rooxapo" {Reflect rN+ Regen+ Str+3
                  | SH+5 Stlth-}
186606 | Zig:21   | Identified the ring of the Meadowlark {rF+ rC+ MP+9 Slay+5}
186733 | Zig:21   | Lost mutation: Your muscles are strong. (Str +4, Int/Dex
                  | -1) [potion of mutation]
186733 | Zig:21   | Gained mutation: You possess an exceptional clarity of
                  | mind. [potion of mutation]
186733 | Zig:21   | Gained mutation: You have a pair of small horns on your
                  | head. [potion of mutation]
186734 | Zig:21   | Lost mutation: You possess an exceptional clarity of mind.
                  | [potion of mutation]
186734 | Zig:21   | Lost mutation: You have a pair of small horns on your head.
                  | [potion of mutation]
186734 | Zig:21   | Gained mutation: Your spells are a little harder to cast,
                  | but a little more powerful. [potion of mutation]
186734 | Zig:21   | Gained mutation: You are dopey. (Int -2) [potion of
                  | mutation]
186734 | Zig:21   | Gained mutation: You sometimes lose your temper in combat.
                  | [potion of mutation]
186734 | Zig:21   | Gained mutation: You have a pair of small horns on your
                  | head. [potion of mutation]
186735 | Zig:21   | Lost mutation: Your spells are a little harder to cast, but
                  | a little more powerful. [potion of mutation]
186735 | Zig:21   | Lost mutation: You sometimes lose your temper in combat.
                  | [potion of mutation]
186735 | Zig:21   | Lost mutation: You are dopey. (Int -2) [potion of mutation]
186735 | Zig:21   | Gained mutation: Your system is resistant to poisons.
                  | (rPois) [potion of mutation]
186736 | Zig:21   | Lost mutation: Your system is resistant to poisons. (rPois)
                  | [potion of mutation]
186736 | Zig:21   | Lost mutation: You have a pair of small horns on your head.
                  | [potion of mutation]
186736 | Zig:21   | Gained mutation: You are frail. (-10% HP) [potion of
                  | mutation]
186736 | Zig:21   | Gained mutation: You occasionally shout uncontrollably at
                  | your foes. [potion of mutation]
186737 | Zig:21   | Lost mutation: You are frail. (-10% HP) [potion of
                  | mutation]
186737 | Zig:21   | Lost mutation: You occasionally shout uncontrollably at
                  | your foes. [potion of mutation]
186737 | Zig:21   | Gained mutation: You do not regenerate when monsters are
                  | visible. [potion of mutation]
186737 | Zig:21   | Gained mutation: You have an increased reservoir of magic.
                  | (+10% MP) [potion of mutation]
186738 | Zig:21   | Lost mutation: You have an increased reservoir of magic.
                  | (+10% MP) [potion of mutation]
186738 | Zig:21   | Lost mutation: You do not regenerate when monsters are
                  | visible. [potion of mutation]
186738 | Zig:21   | Gained mutation: You are resistant to electric shocks.
                  | (rElec) [potion of mutation]
186738 | Zig:21   | Gained mutation: You are partially covered in large bone
                  | plates. (SH +4) [potion of mutation]
186738 | Zig:21   | Gained mutation: You expend magic power (3 MP) to
                  | strengthen your wands. [potion of mutation]
186771 | Zig:22   | Entered Level 22 of a ziggurat
186788 | Zig:22   | Reached skill level 10 in Air Magic
187152 | Zig:23   | Entered Level 23 of a ziggurat
187172 | Zig:23   | Found the +8 whip "Snakebite" {venom, curare, rPois}
187270 | Zig:23   | Identified the ring of Devotion {+Blink rF+ rC+++ rN+
                  | Will-}
187286 | Zig:23   | Identified the +2 long sword of the Crafting Fool {heavy,
                  | rC+}
187297 | Zig:23   | Identified the +5 great sword of Mulumpoy {holy, rF+}
187306 | Zig:23   | Identified the +1 ring mail "Jeushine" {Dex+5 Slay-2}
187449 | Zig:24   | Entered Level 24 of a ziggurat
187471 | Zig:24   | Reached skill level 27 in Armour
187471 | Zig:24   | Reached skill level 27 in Conjurations
187621 | Zig:24   | Found the +8 storm bow {elec, penet}
187648 | Zig:24   | Found the +10 dark maul {heavy}
187689 | Zig:24   | Identified the staff "Spiderbane" {rF+ rC+ Summ Fire}
187698 | Zig:24   | Identified the ring of Osolluy {Will+ SInv Stlth+}
187736 | Zig:24   | Identified the +0 plate armour of the World {-Cast Rampage
                  | Regen+ Dex+8}
187743 | Zig:24   | Identified the +9 hand axe of Equilibrium {venom, rElec rF-
                  | rC++ Dex-4}
187908 | Zig:25   | Entered Level 25 of a ziggurat
187918 | Zig:25   | Noticed Jesaer the pandemonium lord
187918 | Zig:25   | Noticed Gucoq the pandemonium lord
187922 | Zig:25   | Killed Jesaer the pandemonium lord
187922 | Zig:25   | Killed Gucoq the pandemonium lord
187924 | Zig:25   | Noticed Jairor the pandemonium lord
187926 | Zig:25   | Noticed Ystaw the pandemonium lord
187927 | Zig:25   | Killed Jairor the pandemonium lord
187929 | Zig:25   | Noticed Yhush the pandemonium lord
187930 | Zig:25   | Killed Ystaw the pandemonium lord
187932 | Zig:25   | Killed Yhush the pandemonium lord
187954 | Zig:25   | Noticed Toet Tod the pandemonium lord
187954 | Zig:25   | Noticed Qoskauli the pandemonium lord
187957 | Zig:25   | Noticed Ynooph the pandemonium lord
187959 | Zig:25   | Noticed Puhaush the pandemonium lord
187961 | Zig:25   | Killed Toet Tod the pandemonium lord
187966 | Zig:25   | Noticed Fesiupp the pandemonium lord
187966 | Zig:25   | Noticed Alisopeli the pandemonium lord
187970 | Zig:25   | Killed Ynooph the pandemonium lord
187979 | Zig:25   | Noticed Cisuropt the pandemonium lord
187981 | Zig:25   | Noticed Ququ the pandemonium lord
187994 | Zig:25   | Killed Qoskauli the pandemonium lord
187995 | Zig:25   | Killed Alisopeli the pandemonium lord
187996 | Zig:25   | Killed Cisuropt the pandemonium lord
187996 | Zig:25   | Killed Ququ the pandemonium lord
188038 | Zig:25   | Killed Fesiupp the pandemonium lord
188058 | Zig:25   | Noticed Pycsa the pandemonium lord
188062 | Zig:25   | Killed Pycsa the pandemonium lord
188069 | Zig:25   | Noticed Siocit the pandemonium lord
188076 | Zig:25   | Killed Siocit the pandemonium lord
188137 | Zig:25   | Killed Puhaush the pandemonium lord
188293 | Zig:25   | Identified the +1 shortbow of Quantum Leap {speed, Stlth+}
188301 | Zig:25   | Identified the ring "Evis" {Ice rElec}
188306 | Zig:25   | Identified the amulet "Ebbat" {RegenMP Regen+}
188315 | Zig:25   | Identified the staff "Ynkyru" {+Blink rElec rF+ Conj Air}
188468 | Zig:26   | Entered Level 26 of a ziggurat
188691 | Zig:26   | Found the ring of Shadows {Umbra +Inv Stlth+}
188694 | Zig:26   | Found the +3 pair of gauntlets of War {Slay+5}
188721 | Zig:26   | Got the Anthology of Viridian Concussion
188744 | Zig:26   | Identified the +8 scimitar "Ogrebane" {venom, rF++}
188773 | Zig:26   | Identified the staff "Moasut" {rElec rPois Int-4 Dex+4
                  | Hexes Air}
188793 | Zig:26   | Identified the +2 mace of Cobwebs {drain, Fly rN++ rCorr}
188803 | Zig:26   | Identified the staff of Wyrd {^Contam +Blink rElec Int+2
                  | Air}
188982 | Zig:27   | Entered Level 27 of a ziggurat
188993 | Zig:27   | Noticed a royal mummy
188999 | Zig:27   | Noticed a royal mummy
188999 | Zig:27   | Noticed a royal mummy
189003 | Zig:27   | Killed a royal mummy
189004 | Zig:27   | Killed a royal mummy
189004 | Zig:27   | Noticed a royal mummy
189005 | Zig:27   | Killed a royal mummy
189005 | Zig:27   | Noticed a royal mummy
189006 | Zig:27   | Noticed a royal mummy
189006 | Zig:27   | Noticed a royal mummy
189009 | Zig:27   | Killed a royal mummy
189009 | Zig:27   | Killed a royal mummy
189010 | Zig:27   | Killed a royal mummy
189010 | Zig:27   | Noticed a royal mummy
189011 | Zig:27   | Killed a royal mummy
189011 | Zig:27   | Noticed a royal mummy
189011 | Zig:27   | Noticed a royal mummy
189013 | Zig:27   | Noticed a royal mummy
189014 | Zig:27   | Killed a royal mummy
189014 | Zig:27   | Killed a royal mummy
189014 | Zig:27   | Noticed a royal mummy
189017 | Zig:27   | Found the +27 heavy crossbow "Sniper" {heavy, Acc+∞ SInv}
189019 | Zig:27   | Killed a royal mummy
189021 | Zig:27   | Killed a royal mummy
189022 | Zig:27   | Killed a royal mummy
189032 | Zig:27   | Identified the +0 robe of Whack-A-Mole {Harm +Inv Str-5}
189048 | Zig:27   | Identified the staff of Bloody Death {rC- rN+ Dex+3 Necro}
189054 | Zig:27   | Identified the +0 helmet of Appopuh {Regen+ Str-4 Int+5}
189077 | Zig:27   | Identified the +1 robe of Dithmenos's Generosity {rF+ rN+}
189082 | Zig:27   | Identified the +0 chain mail "Caifel" {Stlth+}
189084 | Zig:27   | Identified the +8 arbalest "Emmut" {drain, rElec}
189086 | Zig:27   | Identified the +1 spear of the Present {heavy, rPois rF+}
189753 | D:13     | Acquired 819 gold pieces
189757 | D:13     | Acquired the +7 staff of the Meek {protect, meekguard}
189757 | D:13     | Found the +7 staff of the Meek {protect, meekguard}
189766 | D:13     | Reached skill level 15 in Air Magic
189768 | D:13     | Lost mutation: You are resistant to electric shocks.
                  | (rElec) [potion of mutation]
189768 | D:13     | Lost mutation: You are partially covered in large bone
                  | plates. (SH +4) [potion of mutation]
189768 | D:13     | Lost mutation: You expend magic power (3 MP) to strengthen
                  | your wands. [potion of mutation]
189768 | D:13     | Gained mutation: You occasionally lose the ability to read
                  | scrolls when taking damage. [potion of mutation]
189768 | D:13     | Gained mutation: You have large cloven feet. [potion of
                  | mutation]
189769 | D:13     | Lost mutation: You occasionally lose the ability to read
                  | scrolls when taking damage. [potion of mutation]
189769 | D:13     | Lost mutation: You have large cloven feet. [potion of
                  | mutation]
189769 | D:13     | Gained mutation: Your natural rate of healing is unusually
                  | fast. [potion of mutation]
189769 | D:13     | Gained mutation: You have a somewhat thin skeletal
                  | structure. (Dex +2, Stealth+) [potion of mutation]
189769 | D:13     | Gained mutation: You are strong-willed. (Will+) [potion of
                  | mutation]
189769 | D:13     | Gained mutation: Your spells are a little harder to cast,
                  | but a little more powerful. [potion of mutation]
189934 | Tomb:1   | Entered Level 1 of the Tomb of the Ancients
189952 | Tomb:1   | Noticed a royal mummy
189954 | Tomb:1   | Noticed a royal mummy
189954 | Tomb:1   | Noticed a royal mummy
189955 | Tomb:1   | Killed a royal mummy
189956 | Tomb:1   | Killed a royal mummy
189956 | Tomb:1   | Killed a royal mummy
189963 | Tomb:1   | Noticed a royal mummy
189968 | Tomb:1   | Killed a royal mummy
189968 | Tomb:1   | Noticed a royal mummy
190142 | Tomb:1   | Killed a royal mummy
190144 | Tomb:1   | Noticed a royal mummy
190149 | Tomb:1   | Killed a royal mummy
190268 | Tomb:1   | Identified the amulet "Niduh" {Acrobat +Blink rPois Slay-6
                  | SInv}
190305 | Tomb:1   | Noticed a royal mummy
190307 | Tomb:1   | Killed a royal mummy
190336 | Tomb:1   | Noticed a royal mummy
190337 | Tomb:1   | Killed a royal mummy
190381 | Tomb:1   | Noticed a royal mummy
190383 | Tomb:1   | Killed a royal mummy
190403 | Tomb:1   | Noticed a royal mummy
190405 | Tomb:1   | Killed a royal mummy
190438 | Tomb:1   | Noticed a royal mummy
190441 | Tomb:1   | Killed a royal mummy
190452 | Tomb:1   | Noticed a royal mummy
190454 | Tomb:1   | Killed a royal mummy
190907 | Tomb:1   | Noticed a royal mummy
190909 | Tomb:1   | Killed a royal mummy
190909 | Tomb:1   | Noticed a royal mummy
190911 | Tomb:1   | Noticed a royal mummy
190914 | Tomb:1   | Killed a royal mummy
190915 | Tomb:1   | Noticed a royal mummy
190926 | Tomb:1   | Killed a royal mummy
190930 | Tomb:1   | Killed a royal mummy
191334 | Tomb:1   | Reached skill level 27 in Dodging
191522 | Tomb:1   | Noticed a royal mummy
191525 | Tomb:1   | Killed a royal mummy
191752 | Tomb:2   | Noticed a royal mummy
191753 | Tomb:2   | Noticed a royal mummy
191754 | Tomb:2   | Killed a royal mummy
191755 | Tomb:2   | Killed a royal mummy
191763 | Tomb:2   | Noticed a royal mummy
191766 | Tomb:2   | Killed a royal mummy
191766 | Tomb:2   | Noticed a royal mummy
191768 | Tomb:2   | Killed a royal mummy
192610 | Tomb:3   | Entered Level 3 of the Tomb of the Ancients
192625 | Tomb:3   | Noticed a royal mummy
192628 | Tomb:3   | Killed a royal mummy
192640 | Tomb:3   | Noticed a royal mummy
192644 | Tomb:3   | Killed a royal mummy
192761 | Tomb:3   | Noticed a royal mummy
192764 | Tomb:3   | Noticed a royal mummy
192768 | Tomb:3   | Killed a royal mummy
192774 | Tomb:3   | Killed a royal mummy
192787 | Tomb:3   | Noticed a royal mummy
192794 | Tomb:3   | Killed a royal mummy
192794 | Tomb:3   | Noticed a royal mummy
192808 | Tomb:3   | Killed a royal mummy
192822 | Tomb:3   | Noticed a royal mummy
192825 | Tomb:3   | Killed a royal mummy
192826 | Tomb:3   | Noticed a royal mummy
192829 | Tomb:3   | Killed a royal mummy
193142 | Tomb:3   | Found the sphere of Battle
193154 | Tomb:3   | Identified the +2 pair of boots "Rureolumacw" {Will+ Dex+2}
193303 | Tomb:3   | Got a golden rune of Zot
193442 | Tomb:3   | Lost mutation: Your natural rate of healing is unusually
                  | fast. [potion of mutation]
193442 | Tomb:3   | Lost mutation: Your spells are a little harder to cast, but
                  | a little more powerful. [potion of mutation]
193442 | Tomb:3   | Gained mutation: You are vulnerable to cold. (rC-) [potion
                  | of mutation]
193442 | Tomb:3   | Gained mutation: You are robust. (+10% HP) [potion of
                  | mutation]
193442 | Tomb:3   | Gained mutation: You expend magic power (3 MP) to
                  | strengthen your wands. [potion of mutation]
193443 | Tomb:3   | Lost mutation: You are robust. (+10% HP) [potion of
                  | mutation]
193443 | Tomb:3   | Lost mutation: You are strong-willed. (Will+) [potion of
                  | mutation]
193443 | Tomb:3   | Lost mutation: You are vulnerable to cold. (rC-) [potion of
                  | mutation]
193443 | Tomb:3   | Gained mutation: Armour fits poorly on your strangely
                  | shaped body. [potion of mutation]
193443 | Tomb:3   | Gained mutation: You are dopey. (Int -2) [potion of
                  | mutation]
193443 | Tomb:3   | Lost mutation: You are dopey. (Int -2) [potion of mutation]
193444 | Tomb:3   | Lost mutation: You have a somewhat thin skeletal structure.
                  | (Dex +2, Stealth+) [potion of mutation]
193444 | Tomb:3   | Lost mutation: You expend magic power (3 MP) to strengthen
                  | your wands. [potion of mutation]
193444 | Tomb:3   | Gained mutation: You have hidden genetic potential. [potion
                  | of mutation]
193444 | Tomb:3   | Gained mutation: You have sharp toenails. [potion of
                  | mutation]
193445 | Tomb:3   | Lost mutation: Armour fits poorly on your strangely shaped
                  | body. [potion of mutation]
193445 | Tomb:3   | Lost mutation: You have hidden genetic potential. [potion
                  | of mutation]
193445 | Tomb:3   | Lost mutation: You have sharp toenails. [potion of
                  | mutation]
193445 | Tomb:3   | Gained mutation: You have an increased reservoir of magic.
                  | (+10% MP) [potion of mutation]
193445 | Tomb:3   | Gained mutation: Your mind is acute. (Int +4, Str/Dex -1)
                  | [potion of mutation]
193446 | Tomb:3   | Lost mutation: Your mind is acute. (Int +4, Str/Dex -1)
                  | [potion of mutation]
193446 | Tomb:3   | Lost mutation: You have an increased reservoir of magic.
                  | (+10% MP) [potion of mutation]
193446 | Tomb:3   | Gained mutation: Your muscles are strong. (Str +4, Int/Dex
                  | -1) [potion of mutation]
193447 | Tomb:3   | Lost mutation: Your muscles are strong. (Str +4, Int/Dex
                  | -1) [potion of mutation]
193447 | Tomb:3   | Gained mutation: You are agile. (Dex +4, Str/Int -1)
                  | [potion of mutation]
193447 | Tomb:3   | Gained mutation: You passively map a small area around you.
                  | [potion of mutation]
193447 | Tomb:3   | Gained mutation: Your muscles are strong. (Str +4, Int/Dex
                  | -1) [potion of mutation]
193447 | Tomb:3   | Gained mutation: You are very agile. (Dex +8, Str/Int -2)
                  | [potion of mutation]
193448 | Tomb:3   | Lost mutation: Your muscles are strong. (Str +4, Int/Dex
                  | -1) [potion of mutation]
193448 | Tomb:3   | Lost mutation: You are very agile. (Dex +8, Str/Int -2)
                  | [potion of mutation]
193448 | Tomb:3   | Lost mutation: You passively map a small area around you.
                  | [potion of mutation]
193448 | Tomb:3   | Gained mutation: You are very agile. (Dex +8, Str/Int -2)
                  | [potion of mutation]
193449 | Tomb:3   | Lost mutation: You are very agile. (Dex +8, Str/Int -2)
                  | [potion of mutation]
193449 | Tomb:3   | Lost mutation: You are agile. (Dex +4, Str/Int -1) [potion
                  | of mutation]
193449 | Tomb:3   | Gained mutation: You are clumsy. (Dex -2) [potion of
                  | mutation]
193449 | Tomb:3   | Gained mutation: You have a pair of small horns on your
                  | head. [potion of mutation]
193450 | Tomb:3   | Lost mutation: You are clumsy. (Dex -2) [potion of
                  | mutation]
193450 | Tomb:3   | Lost mutation: You have a pair of small horns on your head.
                  | [potion of mutation]
193450 | Tomb:3   | Gained mutation: You are strong-willed. (Will+) [potion of
                  | mutation]
193450 | Tomb:3   | Gained mutation: You have a pair of small horns on your
                  | head. [potion of mutation]
193451 | Tomb:3   | Lost mutation: You have a pair of small horns on your head.
                  | [potion of mutation]
193451 | Tomb:3   | Lost mutation: You are strong-willed. (Will+) [potion of
                  | mutation]
193451 | Tomb:3   | Gained mutation: You are strong-willed. (Will+) [potion of
                  | mutation]
194283 | Zot:5    | Noticed an orb of fire
194285 | Zot:5    | Noticed an orb of fire
194287 | Zot:5    | Killed an orb of fire
194289 | Zot:5    | Killed an orb of fire
194871 | Zot:5    | Noticed an ancient lich
194874 | Zot:5    | Killed an ancient lich
195058 | Zot:5    | Noticed an orb of fire
195063 | Zot:5    | Killed an orb of fire
195115 | Zig:1    | Entered Level 1 of a ziggurat
195136 | Zig:2    | Entered Level 2 of a ziggurat
195194 | Zig:3    | Entered Level 3 of a ziggurat
195194 | Zig:3    | Noticed Mojoaz's ghost (legendary GrFi)
195204 | Zig:3    | Killed Mojoaz's ghost
195273 | Zig:4    | Entered Level 4 of a ziggurat
195339 | Zig:5    | Entered Level 5 of a ziggurat
195376 | Zig:5    | Identified the staff "Tiomeguq" {rPois rC- Int+5 Conj
                  | Alchemy}
195410 | Zig:6    | Entered Level 6 of a ziggurat
195476 | Zig:7    | Entered Level 7 of a ziggurat
195505 | Zig:7    | Got the Papyrus of Luminous Minerals
195518 | Zig:7    | Identified the ring of Movvy {Fly rN++ Str-2 Int+3}
195552 | Zig:8    | Entered Level 8 of a ziggurat
195559 | Zig:8    | Found the +3 robe of Clouds {*Thunder rCloud rElec}
195613 | Zig:8    | Identified the +3 short sword "Lifebane" {freeze, rN+}
195615 | Zig:8    | Identified the staff of Doom {Int+3 Conj Earth}
195649 | Zig:9    | Entered Level 9 of a ziggurat
195652 | Zig:9    | Noticed a royal mummy
195653 | Zig:9    | Noticed a royal mummy
195653 | Zig:9    | Noticed a royal mummy
195653 | Zig:9    | Found the +9 staff of Olgreb {rPois∞}
195655 | Zig:9    | Noticed a royal mummy
195656 | Zig:9    | Killed a royal mummy
195656 | Zig:9    | Killed a royal mummy
195656 | Zig:9    | Killed a royal mummy
195660 | Zig:9    | Killed a royal mummy
195723 | Zig:9    | Identified the ring "Oxkaemaa" {Will+ MP+9}
195730 | Zig:9    | Identified the staff "Gokel" {rElec rPois MP+9 Alchemy}
195790 | Zig:10   | Entered Level 10 of a ziggurat
195797 | Zig:10   | Noticed an ancient lich
195798 | Zig:10   | Noticed a dread lich
195798 | Zig:10   | Noticed a dread lich
195798 | Zig:10   | Noticed an ancient lich
195798 | Zig:10   | Noticed an ancient lich
195799 | Zig:10   | Noticed a dread lich
195800 | Zig:10   | Killed an ancient lich
195800 | Zig:10   | Killed an ancient lich
195800 | Zig:10   | Killed a dread lich
195801 | Zig:10   | Killed a dread lich
195801 | Zig:10   | Killed an ancient lich
195801 | Zig:10   | Killed a dread lich
195847 | Zig:10   | Identified the +6 mace "Jonaelo" {holy, rN+}
195855 | Zig:10   | Identified the +0 leather armour of Broken Taboos {rPois}
195880 | Zig:10   | Identified the +5 war axe of Ide Odyoc {drain, rPois rN+
                  | Str-2}
195922 | Zig:11   | Entered Level 11 of a ziggurat
195935 | Zig:11   | Found the amulet of Vitality {RegenMP++ Regen++}
195990 | Zig:11   | Identified the +1 robe of the Heavens {Int+3 SInv}
196029 | Zig:12   | Entered Level 12 of a ziggurat
196039 | Zig:12   | Found the amulet of the Air {Inacc Air Fly rElec RMsl}
196142 | Zig:12   | Identified the staff of Awkwardness {rElec rF+ rC+ Fire
                  | Air}
196144 | Zig:12   | Identified the staff of Cataclysm {rPois rN++ Tloc Alchemy}
196196 | Zig:13   | Entered Level 13 of a ziggurat
196313 | Zig:13   | Identified the amulet "Furug" {Reflect Dex+4 SH+5}
196314 | Zig:13   | Identified the staff of Powerful Watchfulness {rF+ rN+
                  | Necro}
196324 | Zig:13   | Identified the +2 spear "Udaihid" {venom, Int+2 Dex+5}
196401 | Zig:14   | Entered Level 14 of a ziggurat
196461 | Zig:14   | Found the +7 great mace "Firestarter" {flame, immolate,
                  | rFlCloud rF++}
196530 | Zig:14   | Identified the +2 sling of Wrath {flame, Will++}
196533 | Zig:14   | Identified the ring "Xoxomune" {Fire rCorr Str+5}
196583 | Zig:14   | Identified the ring "Zatt" {Fire rN+ Str-2 Stlth+}
196585 | Zig:14   | Identified the staff of Olech {Int+5 Stlth- Conj}
196588 | Zig:14   | Identified the +8 mace of Onuuse {antimagic, Int+2}
196591 | Zig:14   | Identified the ring "Baquonem" {Wiz Fly rElec Int+4 Dex-2}
196647 | Zig:15   | Entered Level 15 of a ziggurat
196795 | Zig:15   | Identified the ring "Tiecis" {Fire *Slow rElec MP+9 Slay+6}
196804 | Zig:15   | Identified the staff of Oozing Pus {rElec rPois Str+3 Air}
196840 | Zig:16   | Entered Level 16 of a ziggurat
196856 | Zig:16   | Reached skill level 15 in Throwing
196861 | Zig:16   | Found the necklace of Bloodlust {Fury *Rage Will++ Int-3
                  | Slay+6}
196963 | Zig:16   | Identified the ring "Plog" {+Blink rPois rC+ Str-5 Dex+6}
197072 | Zig:17   | Entered Level 17 of a ziggurat
197175 | Zig:17   | Identified the +3 rapier of the Inferno {elec, rCorr Str+5
                  | Int-2 Stlth+}
197176 | Zig:17   | Identified the +0 hand axe of Vodka {protect, MP+9 Stlth+}
197190 | Zig:17   | Identified the +6 short sword of the Empty Page {elec, rN+}
197191 | Zig:17   | Identified the +9 morningstar of Makhleb's Supremacy
                  | {drain, rPois}
197317 | Zig:18   | Entered Level 18 of a ziggurat
197370 | Zig:18   | Found the amulet of the Four Winds {rN+ Will+++ Clar}
197485 | Zig:18   | Identified the ring of Goli Asch {Ice rElec Stlth+}
197509 | Zig:18   | Identified the +1 ring mail of Jaluj {Str+4}
197511 | Zig:18   | Identified the +0 cloak of Generosity {Str+2}
197514 | Zig:18   | Identified the +3 scale mail of Morality {rPois rF+ Str+3}
197572 | Zig:18   | Learned a level 9 spell: Polar Vortex
197596 | Zig:18   | Acquired 619 gold pieces
197597 | Zig:18   | Acquired a manual of Hexes
197604 | Zig:19   | Entered Level 19 of a ziggurat
197613 | Zig:19   | Noticed an ancient lich
197614 | Zig:19   | Noticed an ancient lich
197617 | Zig:19   | Killed an ancient lich
197617 | Zig:19   | Killed an ancient lich
197618 | Zig:19   | Noticed an ancient lich
197618 | Zig:19   | Noticed an ancient lich
197619 | Zig:19   | Noticed an ancient lich
197619 | Zig:19   | Noticed an ancient lich
197619 | Zig:19   | Noticed a dread lich
197620 | Zig:19   | Noticed an ancient lich
197621 | Zig:19   | Noticed a dread lich
197623 | Zig:19   | Killed an ancient lich
197623 | Zig:19   | Killed an ancient lich
197623 | Zig:19   | Killed a dread lich
197623 | Zig:19   | Killed an ancient lich
197623 | Zig:19   | Killed a dread lich
197624 | Zig:19   | Killed an ancient lich
197625 | Zig:19   | Killed an ancient lich
197756 | Zig:19   | Identified the amulet "Uqouja" {rC+ rN+ Regen+}
197766 | Zig:19   | Identified the +2 rapier of Tuzynaph {holy, +Blink rF-
                  | Will++}
197770 | Zig:19   | Identified the staff "Guohiut" {rElec rC+ Will- Ice
                  | Alchemy}
197771 | Zig:19   | Identified the +5 dagger "Qebrahiu" {vamp, rC+ Int+3 Dex+4}
197775 | Zig:19   | Identified the ring of Vemock {Wiz Str+6 Stlth+}
197782 | Zig:19   | Identified the +5 great sword of the Silent Majority
                  | {freeze, rF+ Int-3 Dex+2 Stlth+}
197863 | Zig:20   | Entered Level 20 of a ziggurat
197882 | Zig:20   | Noticed a juggernaut
197884 | Zig:20   | Killed a juggernaut
198062 | Zig:20   | Identified the +6 sling of the Cup {drain, rElec rC+}
198064 | Zig:20   | Identified the +1 leather armour of the Evening Star
                  | {Str+2}
198074 | Zig:20   | Identified the +1 flail of the Crushed Souls {elec, rC++}
198078 | Zig:20   | Identified the ring "Zoten" {rF++ Int+4 Dex+6}
198189 | Zig:21   | Entered Level 21 of a ziggurat
198201 | Zig:21   | Noticed an ancient lich
198201 | Zig:21   | Noticed a dread lich
198203 | Zig:21   | Noticed an ancient lich
198204 | Zig:21   | Killed a dread lich
198205 | Zig:21   | Killed an ancient lich
198205 | Zig:21   | Noticed a dread lich
198206 | Zig:21   | Killed an ancient lich
198206 | Zig:21   | Noticed an ancient lich
198207 | Zig:21   | Noticed an ancient lich
198207 | Zig:21   | Noticed a dread lich
198209 | Zig:21   | Noticed an ancient lich
198210 | Zig:21   | Killed a dread lich
198211 | Zig:21   | Killed an ancient lich
198211 | Zig:21   | Killed an ancient lich
198211 | Zig:21   | Noticed an ancient lich
198212 | Zig:21   | Killed a dread lich
198212 | Zig:21   | Killed an ancient lich
198225 | Zig:21   | Killed an ancient lich
198329 | Zig:21   | Found the +0 pair of fencer's gloves {Riposte Dex+3}
198414 | Zig:21   | Identified the +13 plate armour "Nantul" {+Inv Fly rC+
                  | Int+3}
198505 | Zig:22   | Entered Level 22 of a ziggurat
198677 | Zig:22   | Identified the +6 quarterstaff of Fundamental Breach
                  | {drain, rC+}
198682 | Zig:22   | Identified the +8 triple crossbow of Assawkaw {flame, Str+6
                  | Dex-3 Stlth+}
198691 | Zig:22   | Identified the ring "Meiqovu" {Fire Will++ rCorr Str-4
                  | Stlth+}
198700 | Zig:22   | Identified the +5 shortbow "Iluluc Nuos" {elec, rC+ Int+2}
198703 | Zig:22   | Identified the amulet of Laluo {Spirit Harm rElec Str-4
                  | Int-4}
198707 | Zig:22   | Identified the +8 shortbow "Imnif" {drain, rCorr Int+4}
198708 | Zig:22   | Identified the +3 quarterstaff of Bodily Humours {freeze,
                  | +Blink Str+6 Dex-3}
198858 | Zig:23   | Entered Level 23 of a ziggurat
198872 | Zig:23   | Noticed a dread lich
198877 | Zig:23   | Killed a dread lich
198900 | Zig:23   | Noticed an ancient lich
198902 | Zig:23   | Killed an ancient lich
198905 | Zig:23   | Noticed an ancient lich
198907 | Zig:23   | Killed an ancient lich
199145 | Zig:23   | Found the +16 obsidian axe {drain, demonic, Mesm ^Drain Fly
                  | SInv}
199152 | Zig:23   | Identified the staff "Giantbane" {rC+ Conj}
199178 | Zig:23   | Identified the +7 long sword of Peluast {flame, rPois}
199180 | Zig:23   | Identified the +7 crystal plate armour "Buwa" {rF+ Int+2}
199256 | Zig:23   | Acquired 772 gold pieces
199265 | Zig:24   | Entered Level 24 of a ziggurat
199631 | Zig:24   | Identified the +3 helmet "Lidghaa" {+Inv Regen+ Int-2
                  | Stlth+}
199644 | Zig:24   | Identified the +7 mace "Titific" {flame, +Blink rF+ rN+
                  | Int+3}
199645 | Zig:24   | Identified the +3 leather armour of Patterns {rC+}
199648 | Zig:24   | Identified the +5 executioner's axe of the Yoke {holy,
                  | Dex+3}
199652 | Zig:24   | Identified the +8 quarterstaff of the Egg {elec, +Blink
                  | rElec Will- Dex+3}
199760 | Zig:25   | Entered Level 25 of a ziggurat
199784 | Zig:25   | Reached skill level 27 in Shields
200050 | Zig:25   | Found the +3 crown of Dyrovepreva {rElec Int+2 SInv}
200052 | Zig:25   | Identified the +2 rapier of Dishonesty {freeze, Str+2 Int+3
                  | Dex-2 Stlth+}
200062 | Zig:25   | Identified the +7 quarterstaff "Ozaicups" {flame, rN++
                  | Stlth-}
200066 | Zig:25   | Identified the +0 ring mail of Day {Int+4}
200151 | Zig:25   | Acquired 815 gold pieces
200156 | Zig:26   | Entered Level 26 of a ziggurat
200197 | Zig:26   | Noticed a dread lich
200198 | Zig:26   | Noticed a dread lich
200198 | Zig:26   | Noticed a dread lich
200200 | Zig:26   | Killed a dread lich
200200 | Zig:26   | Killed a dread lich
200200 | Zig:26   | Killed a dread lich
200200 | Zig:26   | Noticed a dread lich
200204 | Zig:26   | Killed a dread lich
200208 | Zig:26   | Noticed an ancient lich
200210 | Zig:26   | Noticed an ancient lich
200211 | Zig:26   | Killed an ancient lich
200211 | Zig:26   | Killed an ancient lich
200212 | Zig:26   | Noticed an ancient lich
200215 | Zig:26   | Killed an ancient lich
200444 | Zig:26   | Identified the +9 arbalest "Ekluodgh" {speed, +Blink Will+
                  | Int-3}
200457 | Zig:26   | Identified the ring "Otaec" {^Drain +Blink rPois Dex+4
                  | SInv}
200461 | Zig:26   | Identified the death talisman "Xicvaenus" {Str+2}
200472 | Zig:26   | Identified the +0 robe of the Everdark {rN+++ Str+4 Slay+5}
200475 | Zig:26   | Identified the +0 scale mail of Ethereal Amelioration
                  | {*Corrode rF++ rC+ Will+}
200478 | Zig:26   | Identified the +9 rapier of Cioditumi {pain, *Rage rN+
                  | Str+2}
200569 | Zig:26   | Acquired a manual of Evocations
200578 | Zig:26   | Reached skill level 27 in Stealth
200581 | Zig:26   | Reached skill level 27 in Air Magic
200583 | Zig:26   | Reached skill level 5 in Ice Magic
200713 | Zig:27   | Entered Level 27 of a ziggurat
200726 | Zig:27   | Noticed an ancient lich
200728 | Zig:27   | Noticed a dread lich
200731 | Zig:27   | Noticed an ancient lich
200733 | Zig:27   | Noticed a dread lich
200733 | Zig:27   | Noticed a dread lich
200734 | Zig:27   | Killed an ancient lich
200734 | Zig:27   | Killed a dread lich
200734 | Zig:27   | Killed an ancient lich
200734 | Zig:27   | Noticed an ancient lich
200734 | Zig:27   | Noticed a dread lich
200735 | Zig:27   | Noticed an ancient lich
200735 | Zig:27   | Killed a dread lich
200735 | Zig:27   | Killed an ancient lich
200735 | Zig:27   | Noticed a dread lich
200735 | Zig:27   | Noticed a dread lich
200735 | Zig:27   | Noticed an ancient lich
200736 | Zig:27   | Killed a dread lich
200736 | Zig:27   | Killed a dread lich
200738 | Zig:27   | Killed an ancient lich
200738 | Zig:27   | Killed a dread lich
200738 | Zig:27   | Killed an ancient lich
200740 | Zig:27   | Killed a dread lich
200741 | Zig:27   | Noticed an ancient lich
200741 | Zig:27   | Noticed a dread lich
200742 | Zig:27   | Noticed an ancient lich
200742 | Zig:27   | Noticed an ancient lich
200745 | Zig:27   | Killed an ancient lich
200746 | Zig:27   | Killed a dread lich
200746 | Zig:27   | Killed an ancient lich
200746 | Zig:27   | Killed an ancient lich
200746 | Zig:27   | Noticed an ancient lich
200747 | Zig:27   | Reached skill level 10 in Ice Magic
200753 | Zig:27   | Killed an ancient lich
200910 | Zig:27   | Identified the +7 morningstar "Wehaut" {venom, rC+}
200935 | Zig:27   | Identified the +5 sling of Xedghoy {antimagic, rPois rC+
                  | Stlth+}
201627 | D:13     | Lost mutation: You are strong-willed. (Will+) [potion of
                  | mutation]
201627 | D:13     | Gained mutation: Potions are less effective at restoring
                  | your health. [potion of mutation]
201627 | D:13     | Gained mutation: You are covered in fur. (AC +1) [potion of
                  | mutation]
201627 | D:13     | Gained mutation: You have a pair of small horns on your
                  | head. [potion of mutation]
201627 | D:13     | Gained mutation: You are robust. (+10% HP) [potion of
                  | mutation]
201628 | D:13     | Lost mutation: Potions are less effective at restoring your
                  | health. [potion of mutation]
201628 | D:13     | Lost mutation: You are covered in fur. (AC +1) [potion of
                  | mutation]
201628 | D:13     | Lost mutation: You are robust. (+10% HP) [potion of
                  | mutation]
201628 | D:13     | Gained mutation: You are robust. (+10% HP) [potion of
                  | mutation]
201628 | D:13     | Gained mutation: Your system is resistant to poisons.
                  | (rPois) [potion of mutation]
201628 | D:13     | Gained mutation: Armour fits poorly on your strangely
                  | shaped body. [potion of mutation]
201628 | D:13     | Gained mutation: You are strong-willed. (Will+) [potion of
                  | mutation]
201629 | D:13     | Lost mutation: You are robust. (+10% HP) [potion of
                  | mutation]
201629 | D:13     | Lost mutation: You have a pair of small horns on your head.
                  | [potion of mutation]
201629 | D:13     | Gained mutation: Your spells are a little harder to cast,
                  | but a little more powerful. [potion of mutation]
201629 | D:13     | Gained mutation: You are highly strong-willed. (Will++)
                  | [potion of mutation]
201629 | D:13     | Gained mutation: You have sharp toenails. [potion of
                  | mutation]
201630 | D:13     | Lost mutation: Armour fits poorly on your strangely shaped
                  | body. [potion of mutation]
201630 | D:13     | Lost mutation: Your system is resistant to poisons. (rPois)
                  | [potion of mutation]
201630 | D:13     | Lost mutation: You are highly strong-willed. (Will++)
                  | [potion of mutation]
201630 | D:13     | Gained mutation: You are weak. (Str -2) [potion of
                  | mutation]
201630 | D:13     | Gained mutation: You have razor-sharp toenails. [potion of
                  | mutation]
201631 | D:13     | Lost mutation: You have razor-sharp toenails. [potion of
                  | mutation]
201631 | D:13     | Lost mutation: You are weak. (Str -2) [potion of mutation]
201631 | D:13     | Lost mutation: You are strong-willed. (Will+) [potion of
                  | mutation]
201631 | D:13     | Gained mutation: You are clumsy. (Dex -2) [potion of
                  | mutation]
201631 | D:13     | Gained mutation: You have razor-sharp toenails. [potion of
                  | mutation]
201632 | D:13     | Lost mutation: You have razor-sharp toenails. [potion of
                  | mutation]
201632 | D:13     | Lost mutation: You have sharp toenails. [potion of
                  | mutation]
201632 | D:13     | Gained mutation: Your spells are harder to cast, but more
                  | powerful. [potion of mutation]
201632 | D:13     | Gained mutation: Your mind is acute. (Int +4, Str/Dex -1)
                  | [potion of mutation]
201632 | D:13     | Gained mutation: Your muscles are strong. (Str +4, Int/Dex
                  | -1) [potion of mutation]
201633 | D:13     | Lost mutation: Your spells are harder to cast, but more
                  | powerful. [potion of mutation]
201633 | D:13     | Lost mutation: Your muscles are strong. (Str +4, Int/Dex
                  | -1) [potion of mutation]
201633 | D:13     | Lost mutation: You are clumsy. (Dex -2) [potion of
                  | mutation]
201633 | D:13     | Gained mutation: You expend magic power (3 MP) to
                  | strengthen your wands. [potion of mutation]
201633 | D:13     | Gained mutation: You have a somewhat thin skeletal
                  | structure. (Dex +2, Stealth+) [potion of mutation]
201634 | D:13     | Lost mutation: You have a somewhat thin skeletal structure.
                  | (Dex +2, Stealth+) [potion of mutation]
201634 | D:13     | Lost mutation: Your mind is acute. (Int +4, Str/Dex -1)
                  | [potion of mutation]
201634 | D:13     | Gained mutation: You possess an exceptional clarity of
                  | mind. [potion of mutation]
201634 | D:13     | Gained mutation: You are agile. (Dex +4, Str/Int -1)
                  | [potion of mutation]
201634 | D:13     | Gained mutation: You have large cloven feet. [potion of
                  | mutation]
203338 | Zig:1    | Entered Level 1 of a ziggurat
203354 | Zig:2    | Entered Level 2 of a ziggurat
203393 | Zig:3    | Entered Level 3 of a ziggurat
203393 | Zig:3    | Noticed a dread lich
203393 | Zig:3    | Noticed an ancient lich
203395 | Zig:3    | Killed an ancient lich
203395 | Zig:3    | Killed a dread lich
203415 | Zig:4    | Entered Level 4 of a ziggurat
203460 | Zig:5    | Entered Level 5 of a ziggurat
203463 | Zig:5    | Noticed Note the pandemonium lord
203464 | Zig:5    | Killed Note the pandemonium lord
203491 | Zig:5    | Identified the +1 battleaxe of Peaguykk {holy, Str+2}
203505 | Zig:5    | Identified the amulet "Koigy" {*Slow rElec rPois rC+
                  | Regen+}
203524 | Zig:6    | Entered Level 6 of a ziggurat
203562 | Zig:6    | Identified the ring "Lotwoag" {Will+ AC+4 Str+2 Int-4 SInv}
203581 | Zig:6    | Identified the +0 short sword of the Blowfly {flame, rN+}
203598 | Zig:7    | Entered Level 7 of a ziggurat
203641 | Zig:7    | Identified the ring "Kest" {Fly rElec Will+}
203643 | Zig:7    | Identified the +8 rapier "Osaxiq" {flame, rN+}
203654 | Zig:7    | Identified the +3 scimitar of Dissent {flame, rElec rC+
                  | rN+}
203684 | Zig:8    | Entered Level 8 of a ziggurat
203783 | Zig:9    | Entered Level 9 of a ziggurat
203800 | Zig:9    | Reached skill level 15 in Ice Magic
203805 | Zig:9    | Found the +8 trishula "Condemnation" {holy, anguish, *Noise
                  | Fly rN+}
203856 | Zig:9    | Got the Textbook on the Sinister Salamander
203885 | Zig:9    | Identified the +0 chain mail of the Barracuda {rElec rN+
                  | Int-3 SInv}
203932 | Zig:10   | Entered Level 10 of a ziggurat
204054 | Zig:10   | Identified the amulet "Vigulot" {Acrobat rElec rC+ SInv}
204087 | Zig:11   | Entered Level 11 of a ziggurat
204091 | Zig:11   | Noticed a juggernaut
204092 | Zig:11   | Noticed a juggernaut
204093 | Zig:11   | Noticed a juggernaut
204095 | Zig:11   | Killed a juggernaut
204095 | Zig:11   | Noticed a juggernaut
204096 | Zig:11   | Killed a juggernaut
204097 | Zig:11   | Killed a juggernaut
204097 | Zig:11   | Killed a juggernaut
204099 | Zig:11   | Noticed a juggernaut
204100 | Zig:11   | Noticed a juggernaut
204103 | Zig:11   | Killed a juggernaut
204103 | Zig:11   | Killed a juggernaut
204311 | Zig:11   | Identified the +7 falchion of the Pits of Slime {drain,
                  | rPois rN+ Str-3 Dex+2}
204316 | Zig:11   | Identified the ring of the Pariah {rN+ rCorr}
204318 | Zig:11   | Identified the +6 falchion "Hiept" {flame, rPois rN+++
                  | Dex-4 SInv}
204345 | Zig:12   | Entered Level 12 of a ziggurat
204353 | Zig:12   | Noticed a dread lich
204354 | Zig:12   | Noticed an ancient lich
204356 | Zig:12   | Noticed an ancient lich
204357 | Zig:12   | Killed a dread lich
204357 | Zig:12   | Killed an ancient lich
204358 | Zig:12   | Noticed a dread lich
204359 | Zig:12   | Found the +8 demon blade "Leech" {evervamp, Harm ^Drain
                  | rN+}
204360 | Zig:12   | Killed an ancient lich
204361 | Zig:12   | Killed a dread lich
204452 | Zig:12   | Identified the +4 fire dragon scales of the Irksome Dolphin
                  | {Fly rF++ rC- rN+ Dex-4}
204482 | Zig:12   | Acquired 770 gold pieces
204503 | Zig:13   | Entered Level 13 of a ziggurat
204517 | Zig:13   | Found the +8 arc blade {discharge, rElec}
204545 | Zig:13   | Found the crystal ball of Wucad Mu {*channel}
204568 | Zig:13   | Identified the +3 leather armour "Hihy" {rCorr}
204579 | Zig:13   | Identified the +5 ring mail of Iwurod {rElec}
204582 | Zig:13   | Identified the +0 ring mail of the Iron Devil {rElec}
204593 | Zig:13   | Identified the staff of Day {rElec Will+ Air}
204709 | Zig:14   | Entered Level 14 of a ziggurat
204726 | Zig:14   | Found the +5 demon whip "Spellbinder" {antimagic, disrupt,
                  | Will+}
204788 | Zig:14   | Identified the ring of Segihase {Will+ rCorr}
204826 | Zig:14   | Identified the staff "Vienopir" {rPois rC+ rCorr Int+3
                  | Dex+4 Ice}
204842 | Zig:14   | Identified the +2 hand axe of the Healing Enemy {spect,
                  | *Corrode Str+3 Int+3 Dex+3}
204906 | Zig:15   | Entered Level 15 of a ziggurat
205027 | Zig:15   | Identified the +4 halberd of Corpus Delicti {venom, rElec}
205131 | Zig:16   | Entered Level 16 of a ziggurat
205149 | Zig:16   | Noticed Epnykat the pandemonium lord
205149 | Zig:16   | Noticed Goisol the pandemonium lord
205154 | Zig:16   | Noticed Zulitat the pandemonium lord
205155 | Zig:16   | Noticed Mouh the pandemonium lord
205155 | Zig:16   | Noticed Vauggoqi the pandemonium lord
205155 | Zig:16   | Noticed Tuaqode the pandemonium lord
205157 | Zig:16   | Noticed Peon Ynt the pandemonium lord
205158 | Zig:16   | Noticed Bompacs the pandemonium lord
205158 | Zig:16   | Noticed Oprorun the pandemonium lord
205158 | Zig:16   | Noticed Ytific the pandemonium lord
205158 | Zig:16   | Noticed Azimula the pandemonium lord
205160 | Zig:16   | Noticed Luigokeh the pandemonium lord
205160 | Zig:16   | Noticed Syoben the pandemonium lord
205160 | Zig:16   | Noticed Sikhessaka the pandemonium lord
205160 | Zig:16   | Found the +7 lajatang of Order {silver, rMut}
205163 | Zig:17   | Entered Level 17 of a ziggurat
205296 | Zig:17   | Identified the ring of Koqasuq {EV+5 Str+2 Dex+4}
205312 | Zig:17   | Identified the staff "Eskaemos" {rElec rCorr Int+7 Hexes
                  | Air}
205317 | Zig:17   | Identified the +1 long sword of Meager Innocence
                  | {antimagic, rElec}
205318 | Zig:17   | Identified the +5 dagger of Gum Emy {vamp, *Corrode rN+++
                  | Dex+4 SInv}
205412 | Zig:18   | Entered Level 18 of a ziggurat
205447 | Zig:18   | Noticed Jotzes the pandemonium lord
205471 | Zig:18   | Killed Jotzes the pandemonium lord
205679 | Zig:18   | Identified the +3 leather armour of Action {Str+4}
205701 | Zig:18   | Identified the staff of Witudita {rC+ Str+3 Int+5 Ice}
205767 | Zig:19   | Entered Level 19 of a ziggurat
205850 | Zig:19   | Identified the ring "Durim" {^Drain +Blink Fly rN+}
205855 | Zig:19   | Identified the staff "Xeacur" {rF- rC+ Dex+10 Ice Alchemy}
205859 | Zig:19   | Identified the ring of Qeitzo {Will- Int+2 Slay+5 SInv}
205860 | Zig:19   | Identified the staff of Xenefysi {*Slow rPois Int+3
                  | Alchemy}
205873 | Zig:19   | Identified the +4 chain mail "Hytis" {Harm rF+ Stlth-}
205880 | Zig:19   | Identified the +0 leather armour of Circular Logic {rN+
                  | Int+3}
205992 | Zig:19   | Identified the staff of Sunlight {rElec rPois rF- rC+
                  | Will+++ Stlth- Alchemy}
206088 | Zig:20   | Entered Level 20 of a ziggurat
206128 | Zig:20   | Reached skill level 27 in Ice Magic
206128 | Zig:20   | Reached skill level 1 in Axes
206265 | Zig:20   | Identified the +6 glaive of Qudaime {pain, ^Drain rElec rC+
                  | Int+4}
206266 | Zig:20   | Identified the staff of Dyegg {rN+ Int+2 SInv Necro}
206285 | Zig:20   | Identified the ring of the Fiend {Fire rPois rN+++ Int+5
                  | Dex-2}
206295 | Zig:20   | Identified the ring "Abbimn" {rElec rPois Dex+6 Stlth+}
206382 | Zig:21   | Entered Level 21 of a ziggurat
206585 | Zig:21   | Identified the +1 morningstar of Latt {freeze, rPois Str+2
                  | Int+2}
206593 | Zig:21   | Identified the amulet "Cuhehomn" {Faith rN+}
206660 | Zig:22   | Entered Level 22 of a ziggurat
206720 | Zig:22   | Reached skill level 15 in Staves
206972 | Zig:22   | Found the dreamshard necklace {Acrobat *Dream}
207030 | Zig:22   | Identified the ring of the Snail {rC- rCorr Str+4 Int+3
                  | Slay+2}
207033 | Zig:22   | Identified the +3 scimitar of Valour {freeze, *Rage ^Drain
                  | rPois Stlth+}
207044 | Zig:22   | Identified the staff "Ezif" {Str+3 Earth}
207050 | Zig:22   | Identified the +5 triple crossbow of Widithra {drain, rCorr
                  | Str-2 Int+4 SInv}
207051 | Zig:22   | Identified the ring of Ucwikese {rElec rC+ Str+6 Int+2
                  | Dex+2}
207064 | Zig:22   | Identified the +9 flail of the Briny Deep {drain, Str+3}
207148 | Zig:23   | Entered Level 23 of a ziggurat
207159 | Zig:23   | Noticed a royal mummy
207160 | Zig:23   | Noticed a royal mummy
207165 | Zig:23   | Killed a royal mummy
207166 | Zig:23   | Killed a royal mummy
207166 | Zig:23   | Noticed a royal mummy
207167 | Zig:23   | Noticed a royal mummy
207171 | Zig:23   | Noticed a royal mummy
207176 | Zig:23   | Noticed a royal mummy
207177 | Zig:23   | Killed a royal mummy
207178 | Zig:23   | Killed a royal mummy
207178 | Zig:23   | Killed a royal mummy
207179 | Zig:23   | Killed a royal mummy
207182 | Zig:23   | Noticed a royal mummy
207182 | Zig:23   | Noticed a royal mummy
207184 | Zig:23   | Noticed a royal mummy
207185 | Zig:23   | Killed a royal mummy
207186 | Zig:23   | Killed a royal mummy
207186 | Zig:23   | Killed a royal mummy
207186 | Zig:23   | Noticed a royal mummy
207186 | Zig:23   | Noticed a royal mummy
207188 | Zig:23   | Killed a royal mummy
207189 | Zig:23   | Killed a royal mummy
207192 | Zig:23   | Noticed a royal mummy
207192 | Zig:23   | Noticed a royal mummy
207193 | Zig:23   | Noticed a royal mummy
207194 | Zig:23   | Killed a royal mummy
207194 | Zig:23   | Killed a royal mummy
207196 | Zig:23   | Killed a royal mummy
207463 | Zig:23   | Found the +9 sword of Zonguldrok {reap}
207471 | Zig:23   | Identified the staff "Sasuo" {rElec rN+ Tloc Air}
207482 | Zig:23   | Identified the +0 scale mail of Demons {rCorr}
207483 | Zig:23   | Identified the +5 short sword "Tipt" {pain, rPois Int+5}
207492 | Zig:23   | Identified the +0 halberd of Lemiloc {freeze, rPois Str+7}
207567 | Zig:24   | Entered Level 24 of a ziggurat
207910 | Zig:24   | Found the +2 Maxwell's thermic engine {flame, freeze, rev}
207914 | Zig:24   | Identified the ring of Fyjeytit {rC+ Will+}
207923 | Zig:24   | Identified the ring of Descent {rC+++ MP+9 Str+3 Dex-2
                  | Slay+3}
207931 | Zig:24   | Identified the +1 sling of Meutevo {speed, Will+ Str+2
                  | Int+3}
207936 | Zig:24   | Identified the +7 plate armour of Mysticism {-Cast +Blink
                  | rF+++ Stlth-}
207948 | Zig:24   | Identified the +0 cloak of Pan-Flutes {rF+ Dex+2 Stlth+}
208043 | Zig:25   | Entered Level 25 of a ziggurat
208056 | Zig:25   | Noticed an ancient lich
208059 | Zig:25   | Noticed a dread lich
208059 | Zig:25   | Noticed an ancient lich
208060 | Zig:25   | Killed a dread lich
208061 | Zig:25   | Killed an ancient lich
208061 | Zig:25   | Killed an ancient lich
208061 | Zig:25   | Noticed an ancient lich
208064 | Zig:25   | Noticed a dread lich
208064 | Zig:25   | Noticed an ancient lich
208065 | Zig:25   | Killed an ancient lich
208065 | Zig:25   | Killed a dread lich
208066 | Zig:25   | Killed an ancient lich
208067 | Zig:25   | Noticed a dread lich
208067 | Zig:25   | Noticed a dread lich
208068 | Zig:25   | Noticed an ancient lich
208069 | Zig:25   | Noticed a dread lich
208069 | Zig:25   | Noticed an ancient lich
208070 | Zig:25   | Noticed a dread lich
208070 | Zig:25   | Noticed a dread lich
208070 | Zig:25   | Noticed a dread lich
208070 | Zig:25   | Noticed an ancient lich
208071 | Zig:25   | Killed a dread lich
208071 | Zig:25   | Killed an ancient lich
208072 | Zig:25   | Killed a dread lich
208073 | Zig:25   | Killed a dread lich
208073 | Zig:25   | Killed an ancient lich
208073 | Zig:25   | Killed a dread lich
208073 | Zig:25   | Killed a dread lich
208073 | Zig:25   | Killed an ancient lich
208073 | Zig:25   | Noticed a dread lich
208076 | Zig:25   | Killed a dread lich
208077 | Zig:25   | Killed a dread lich
208287 | Zig:25   | Identified the ring "Ywuel" {Wiz rF+ Str+3 Slay+2}
208297 | Zig:25   | Identified the +5 ring mail of Circular Logic {rElec Int+3}
208321 | Zig:25   | Identified the ring "Veagirr" {Fly rF- Dex-3 Slay+5 Stlth+}
208414 | Zig:26   | Entered Level 26 of a ziggurat
208669 | Zig:26   | Identified the +7 long sword "Taron" {elec, +Blink}
208670 | Zig:26   | Identified the amulet "Nurhym" {Reflect *Corrode rElec
                  | Dex+3 SH+5}
208676 | Zig:26   | Identified the ring of Piow {rElec rPois EV+5 Int+4}
208687 | Zig:26   | Identified the +2 halberd of Blood-Lust {protect, rElec
                  | Str+5 Stlth-}
208693 | Zig:26   | Identified the ring of the Shrinking Queen {Str+2 SInv
                  | Stlth+}
208697 | Zig:26   | Identified the +3 kite shield "Pauthiz" {Str+2 Stlth+}
208709 | Zig:26   | Identified the ring of Beogh's Anger {rPois Dex+6}
208829 | Zig:27   | Entered Level 27 of a ziggurat
208928 | Zig:27   | Found the +18 shield of the Gong {Loud rN+ Will+ rCorr
                  | EV-5}
209120 | Zig:27   | Identified the +2 dagger of Niptogir {flame, rN+ rCorr
                  | Int+2}
209256 | Zot:5    | Got the Orb of Zot
210024 | D:$      | Escaped with the Orb!

Illustrated notes

Levels and vault maps discovered:
D:1:      minmay_arrival_stone_box, layout_basic, chequers_arboretum,
          minmay_nonomino_d4
D:2:      layout_rooms, serial_glass, glass_columns_b, glass_columns_c,
          item_on_display_a, due_unseen_surprise, feat_on_display,
          feat_on_display
D:3:      layout_loops_ring, kiku_gazebo_pond_becter,
          hellmonk_ecumenical_altar_run_dry, serial_shops, shop
D:4:      layout_basic, nicolae_dithmenos_the_darkroom,
          gammafunk_temple_overflow_elements
D:5:      layout_gridville, nicolae_ru_awakened_eye, brannock_xom_greatest_gift,
          fiery_altar_vehumet, minmay_misc_feat_nine_boxes, grunt_ministairs_4
D:6:      layout_cave_pools, minmay_temple_entry_proselytizer,
          gammafunk_ghost_abyssal_escape, uniq_pikel
D:7:      layout_basic, nicolae_ossuary_entry_monument, uniq_menkaure,
          uniq_joseph, uniq_crazy_yiuf_cottage, uniq_prince_ribbit1
D:8:      cheibrodos_quashed, layout_rooms, kennysheep_mini, dk_noncrumbling_4,
          patterned_corridor, uniq_maggie, uniq_amaemon, uniq_grum
D:9:      layout_roguey, nicolae_overflow_crystal_walls, serial_aquarium,
          aquarium_bridge_square [aquarium_subvault_bridge,
          aquarium_subvault_window, aquarium_subvault_window,
          aquarium_subvault_bridge], aquarium_window_fake,
          aquarium_window_double, aquarium_view_2a, item_on_display_a,
          uniq_harold, uniq_erolcha
D:10:     layout_irregular_city, minmay_lair_entry_grove,
          nicolae_concentric_dashed_squares_wild, lemuel_flamethrower_1
D:11:     layout_gridville, gammafunk_ghost_wrathful_warriors, uniq_urug,
          uniq_psyche, uniq_erica
D:12:     layout_big_octagon, david_orc_2, trove_entry_hex_spiral, hex_medium,
          uniq_nessos
D:13:     layout_roguey, lightli_vaults_fourway_checkpoint,
          serial_co_window_serial, co_window_cross_1,
          co_window_of_opportunity_a, co_window_corner_a,
          co_window_of_opportunity_a, co_window_corner_a,
          co_window_unsneaky_path_b, co_window_broadway_c, co_window_corner_cb,
          co_window_2corner, glass_columns_a, glass_columns_a, glass_columns_a,
          grunt_ministairs_1, nicolae_shop_vocational
D:14:     layout_roguey, kennysheep_potato, uniq_rupert, uniq_louise
D:15:     gammafunk_enter_depths_forms, layout_loops_cross,
          chequers_serial_rivers_room_b, nrook_guardian_serpent_ordinary
Temple:   oiseaux_autumnal_temple
Lair:1:   beast_lair_carwin_large_4, layout_layer_cave, uniq_nergalle
Lair:2:   layout_misc_corridors, shoals_dummy_entry,
          minmay_snake_entry_guardpost_small, uniq_fannar
Lair:3:   layout_regular_city, serial_bayou_shore_b
Lair:4:   layout_roguey, minmay_slime_entry_pillars, uniq_snorg
Lair:5:   minmay_lair_end_enchanted_forest, layout_gridlike,
          portal_ice_cave_entry_animals_and_master, hellmonk_talismancer
Shoals:1: layout_shoals, uniq_aizul
Shoals:2: layout_shoals
Shoals:3: nicolae_shoals_offshore_bank_account, layout_shoals,
          nicolae_shoals_drake_roost, uniq_ilsuiw, uniq_roxanne
Shoals:4: shoals_end_hellmonk_lost_city, uniq_polyphemus, uniq_bai_suzhen,
          uniq_nikola
Snake:1:  layout_onion, drop_trap, minmay_shop_grove, serial_bayou_shore_b,
          serial_bayou_shore_a
Snake:2:  layout_grid_maze, nicolae_snake_scaly_snakehead, uniq_frances
Snake:3:  layout_onion, basic_altar
Snake:4:  johnstein_snake_rune_scales, layout_basic
Slime:1:  layout_caves
Slime:2:  layout_caves
Slime:3:  layout_caves
Slime:4:  layout_caves, nicolae_slime_barrier
Slime:5:  slime_pit_nicolae_jellycorners
Orc:1:    layout_diamond_mine, serial_shops, shop, guppyfry_orc_lava_fort
Orc:2:    kennysheep_orc_mage_school, layout_diamond_mine, serial_shops, shop
Elf:1:    nicolae_elf_arrival_no_cutting_in_line, layout_gridlike,
          minmay_elf_annihilation, lemuel_upstairs_altar
Elf:2:    nicolae_elf_blades_splatter_lattice [mumra_blade_entry_bloodbath],
          layout_geoelf_octagon, elves_outpost_lemuel
Elf:3:    minmay_elf_hall_dome, layout_gridlike
Vaults:1: nicolae_vaults_network_barrier, vaults_dpeg_hooks,
          nicolae_vaults_shrinking_rooms_2, vaults_mumra_minichess_inversion,
          vaults_room_grunt_arrival_checkpoint, ontoclasm_vaults_chip,
          v_misc_31, nicolae_vaults_little_squares_3,
          nicolae_vaults_trapezoid_4, nicolae_vaults_tetromino_Z_2,
          ontoclasm_vaults_hangar, layout_vaults_ring, serial_shops, shop
Vaults:2: vaults_mumra_chevron, nicolae_vaults_house_2,
          ontoclasm_vaults_shuriken, hangedman_vaults_stretched_pinwheel,
          v_misc_26, nicolae_vaults_trapezoid_lopsided_1,
          nicolae_vaults_ninety_degrees, vaults_room_hallway,
          nicolae_vaults_alarming, nicolae_vaults_two_Ls,
          layout_vaults_omnicross
Vaults:3: v_alt_pattern_1, nicolae_vaults_network_quinsquares
          [nicolae_vaults_network_quincunx_subvault,
          nicolae_vaults_network_quincunx_subvault,
          nicolae_vaults_network_quincunx_subvault,
          nicolae_vaults_network_quincunx_subvault], v_rooms_1, v_alt_pattern_2,
          nicolae_vaults_diamond_1, nicolae_vaults_doubleplus_tesselated,
          v_pattern_3, nicolae_vaults_statue_guard, nicolae_vaults_diamond_1,
          vaults_dpeg_ring, nicolae_vaults_rhombus_6, hangedman_vaults_trim,
          vaults_dpeg_diagonal, layout_vaults_quadrants, serial_shops,
          freezing_bzr
Vaults:4: nicolae_vaults_little_squares_6, vaults_mumra_hex,
          hangedman_vaults_trim, vaults_mumra_chevron_long, grunt_vaults_funnel,
          nicolae_vaults_six-pack, nicolae_vaults_closet_pinwheel_5,
          grunt_vaults_trifunnel, vaults_room_semicircle,
          nicolae_vaults_house_3, nicolae_vaults_tangram_2,
          layout_vaults_omnibox, serial_shops, shop
Vaults:5
Crypt:1:  layout_chaotic_city, st_stairs_1
Crypt:2:  layout_catacombs, uniq_sojobo
Crypt:3:  due_elkab, layout_chaotic_city, serial_library_hellmonk_filled_rooms,
          lemuel_mausoleum_altar_yredelemnul, uniq_zenata
Tomb:1
Tomb:2
Tomb:3
Depths:1: layout_honeycomb, hellmouth_3, hex_tiny, lemuel_angel_altar,
          uniq_asterion
Depths:2: cheibrodos_quadrivalence, layout_small_grid, pf_hell_entry_tar_river,
          rand_demon_pan_entry_7, abyss_entry, hangedman_abyss_or_decor_stabs,
          infiniplex_staircase_pool_2, serial_bayou_shore_b, uniq_vv
Depths:3: minmay_octo_star, layout_gridlike, enter_ziggurat_f,
          abyss_entry_small_statue_room, hell_entry, hangedman_decor_opposing,
          minmay_staircase_windowed_small, serial_bayou_shore_b, uniq_grunn
Depths:4: grunt_twist_and_shout, layout_small_grid, grunt_hell_entry_dis_grunt,
          abyss_entry, okawaru_ov_weapons_minmay
Hell
Dis:1:    layout_gridville
Dis:2:    layout_jigsaw
Dis:3:    nicolae_dis_hell_towers
Dis:4:    layout_subdivisions
Dis:5:    nicolae_dis_metal_hellway, layout_gridville
Dis:6:    layout_regular_city, evilmike_ambush [evilmike_ambush_outer_pillars,
          evilmike_ambush_inner_basic]
Dis:7:    dis_st
Geh:1:    layout_gehenna_pools_triple
Geh:2:    layout_gehenna_pools_triple, nicolae_geh_fourpack
Geh:4:    layout_gehenna_pools_triple, hangedman_hellfire_club
Geh:5:    layout_gehenna_lava_caves
Geh:6:    layout_gehenna_lava_caves
Geh:7:    geh_old
Coc:1:    layout_ice_bergs
Coc:2:    layout_cocytus_delve
Coc:3:    nicolae_coc_on_the_berg
Coc:4:    nicolae_coc_through_the_icewall, layout_ice_bergs
Coc:5:    layout_ice_bergs
Coc:6:    layout_ice_bergs
Coc:7:    coc_dpeg
Tar:1:    layout_cathedral_of_symmetry
Tar:2:    layout_cathedral_of_symmetry, nicolae_tar_cuneiform_to_be
Tar:3:    layout_grid_maze
Tar:4:    layout_grid_maze, nicolae_hells_seeping_fissure
Tar:5:    layout_honeycomb
Tar:6:    layout_catacombs, nicolae_tar_honey_chapel
Tar:7:    tar_old
Zot:1:    layout_onion_interference
Zot:2:    layout_misc_corridors, regret_index_zotdec_onion_hex,
          regret_index_zotdec_bone_old, uniq_parghit
Zot:3:    kennysheep_blocky_room, layout_basic, grunt_ministairs_2
Zot:4:    layout_basic, lemuel_elevator
Zot:5:    layout_misc_corridors, nicolae_transporter_circle

Skill      XL: |  1  2  3  4  5  6  7  8  9 10 11 12 13 14 15 16 17 18 19 20 21 22 23 24 25 26 27 |
---------------+----------------------------------------------------------------------------------+-----
Fighting       | 1 2 3 4 5 7 8 9 10 11 12 13 14 15 16 17 19 20 21 22 23 24 27 | 27.0
Earth Magic    | 3 4 5 7 8 9 10 27 | 27.0
Stealth        | 2 3 4 5 6 27 | 27.0
Conjurations   | 2 3 5 7 8 10 12 13 15 16 17 18 19 20 27 | 27.0
Spellcasting   | 3 5 6 7 8 9 10 11 12 13 14 15 16 17 18 19 20 21 27 | 27.0
Dodging        | 3 4 5 7 8 9 10 12 27 | 27.0
Armour         | 1 3 4 6 27 | 27.0
Alchemy        | 3 4 5 |  5.0
Shields        | 5 27 | 27.0
Fire Magic     | 4 5 6 8 11 13 16 19 20 27 | 27.0
Summonings     | 7 10 | 10.0
Evocations     | 5 10 12 21 | 21.0
Staves         | 6 23 | 23.1
Shapeshifting  | 23 | 23.0
Throwing       | 25 | 25.0
Air Magic      | 27 | 27.0
Ice Magic      | 27 | 27.0
Axes           | 1 |  1.4
Maces & Flails | |  0.9

Action                     |  1- 3 |  4- 6 |  7- 9 | 10-12 | 13-15 | 16-18 | 19-21 | 22-24 | 25-27 || total
---------------------------+-------+-------+-------+-------+-------+-------+-------+-------+-------++-------
  Melee: Unarmed           |     1 |       |       |       |       |       |       |       |       ||     1
         Punch             |     1 |       |       |       |       |       |       |       |       ||     1
         Club              |       |     5 |       |       |       |       |       |       |       ||     5
         Whip              |       |       |     9 |    24 |       |       |       |       |       ||    33
         Staff             |       |       |       |     9 |    13 |     3 |    15 |     6 |   142 ||   188
         Touch             |       |       |       |     7 |       |       |       |       |       ||     7
   Cast: Sandblast         |    60 |   120 |    45 |    17 |       |       |       |       |       ||   242
         Stone Arrow       |       |     3 |   119 |   332 |   629 |     1 |       |       |    21 ||  1105
         Irradiate         |       |       |       |    13 |    33 |     3 |    11 |     8 |    29 ||    97
         Brom's Barrelling |       |       |       |     3 |     3 |       |       |       |       ||     6
         Orb of Destructio |       |       |       |       |   115 |     1 |       |       |       ||   116
         Fireball          |       |       |       |       |    62 |   284 |    49 |    58 |     5 ||   458
         Bombard           |       |       |       |       |       |   295 |   472 |   441 |  1117 ||  2325
         Spellforged Servi |       |       |       |       |       |   100 |    99 |    78 |   217 ||   494
         Lee's Rapid Decon |       |       |       |       |       |    51 |   102 |   245 |   308 ||   706
         Ignition          |       |       |       |       |       |       |       |   178 |  1065 ||  1243
         Fire Storm        |       |       |       |       |       |       |       |       |  3142 ||  3142
         Shatter           |       |       |       |       |       |       |       |       |   889 ||   889
         Lehudib's Crystal |       |       |       |       |       |       |       |       |   314 ||   314
 Invoke: Call Merchant     |       |       |       |       |     3 |     3 |       |     4 |     5 ||    15
         Potion Petition   |       |       |       |       |       |       |       |     2 |    61 ||    63
  Evoke: Wand              |       |       |     6 |     4 |       |       |       |       |    20 ||    30
         Phantom mirror    |       |       |       |     1 |       |       |       |       |     9 ||    10
         Lightning rod     |       |       |       |       |       |       |       |       |     4 ||     4
         Sack of spiders   |       |       |       |       |       |       |       |       |     4 ||     4
         Horn of Geryon    |       |       |       |       |       |       |       |       |     2 ||     2
         Figurine of a zig |       |       |       |       |       |       |       |       |     2 ||     2
         Condenser vane    |       |       |       |       |       |       |       |       |     2 ||     2
    Use: Scroll            |       |     9 |     8 |    11 |     7 |     5 |     6 |     1 |    43 ||    90
         Potion            |       |     3 |       |     5 |     3 |     2 |     1 |     7 |    79 ||   100
   Stab: Distracted        |       |       |       |       |       |       |       |       |     7 ||     7
 Armour: Robe              |    11 |    62 |    76 |   103 |   212 |   186 |   171 |   250 |   522 ||  1593
         Acid dragon scale |       |       |       |    35 |       |       |       |       |       ||    35
         Fire dragon scale |       |       |       |       |       |       |       |       |   417 ||   417
         Quicksilver drago |       |       |       |       |       |       |       |       |   356 ||   356
  Dodge: Dodged            |    10 |    62 |    63 |    97 |   153 |   110 |    92 |   144 |   668 ||  1399
  Block: Buckler           |       |       |       |     8 |    75 |    58 |    51 |    89 |   441 ||   722
         Kite shield       |       |       |       |       |       |       |       |       |   130 ||   130
         Tower shield      |       |       |       |       |       |       |       |       |   118 ||   118
   Form: Death             |       |       |       |       |       |       |       |       |     8 ||     8
                           |       |       |       |       |       |       |       |       |     7 ||     7
